 Dungeon Crawl Stone Soup version 0.30.0-19-gbf45117a57 (webtiles) character file.

Game seed: 3988653525643102514

602779 qw the Slayer (level 27, 1/1 HPs)
             Began as a Gargoyle Fighter on May 23, 2023.
             Was a High Priest of the Shining One.
             Quit the game on level 2 of the Tomb of the Ancients on May 24, 2023.
             The game lasted 00:59:37 (90387 turns).

qw the Slayer (Gargoyle Fighter)                   Turns: 90387, Time: 00:59:37

Health: 1/1        AC: 72    Str: 36      XL:     27
Magic:  31/31      EV: 15    Int: 10      God:    the Shining One [*****.]
Gold:   2326       SH: 20    Dex:  8 (9)  Spells: 26/26 levels left

rFire   + . .        w - +9 broad axe (holy)
rCold   + . .        K - +0 tower shield
rNeg    + + +        q - +4 crystal plate armour of Good Intentions {Regen+ rCorr}
rPois   inf          s - +2 helmet
rElec   +            v - +2 cloak
rCorr   +            p - +2 pair of gloves
SInv    .            C - +3 pair of mountain boots {steadfast, rC+}
Will    ++++.        T - amulet of Sixtena {Rampage rF+ Regen+} Stlth
                     N - ring of Beogh's Indignation {Wiz Will++ Str+3}
HPRegen 1.80/turn    H - +5 ring of evasion
MPRegen 0.22/turn

%: rampage, wizardry (x1)
@: flying, glowing
A: sickness immunity, AC +20, big wings, negative energy resistance 1,
electricity resistance, torment resistance 1, petrification resistance, low MP
1, mutation resistance 1, subdued magic 1
}: 3/15 runes: decaying, serpentine, silver
a: Renounce Religion, Divine Shield, Cleansing Flame, Summon Divine Warrior


You were on level 2 of the Tomb of the Ancients.
You worshipped the Shining One.
The Shining One was extremely pleased with you.
You visited 11 branches of the dungeon, and saw 49 of its levels.
You also visited: Wizlab.

You collected 10438 gold pieces.
You spent 8112 gold pieces at shops.


Innate Abilities, Weirdness & Mutations

You are immune to sickness and miasma.
Your stone body is resilient. (AC +20)
You are immune to poison.
Your large and strong wings let you fly.
You resist negative energy. (rN+)
You are resistant to electric shocks. (rElec)
You are resistant to unholy torment.
You are immune to petrification.
Your magical capacity is low. (-10% MP)
You are somewhat resistant to further mutation.
Your spells are a little easier to cast, but a little less powerful.


   Skills:
 - Level 26.0 Fighting
 - Level 18.0 Axes
 - Level 15.0 Throwing
 + Level 25.4 Armour
 - Level 8.8 Dodging
 - Level 22.0 Shields
 - Level 16.0 Invocations


You had 26 spell levels left.
You didn't know any spells.
Your spell library was empty.

Inventory:

Hand Weapons
 i - the +11 hand axe "Toiq" {speed, rF++ Will- rCorr SInv}
   (You found it on level 2 of the Dungeon)

   rF:        It greatly protects you from fire.
   SInv:      It lets you see invisible.
   rCorr:     It protects you from acid and corrosion.
   Will:      It decreases your willpower.
 w - a +9 broad axe of holy wrath (weapon)
Missiles
 A - 16 boomerangs (quivered)
Armour
 h - a scarf of resistance
 m - the -2 helmet of Catohoas {Harm Fly rCorr Str-2}
   (You found it on level 3 of the Crypt)

   Str:       It affects your strength (-2).
   Fly:       It grants you flight.
   rCorr:     It protects you from acid and corrosion.
   Harm:      It increases damage dealt and taken.
 p - a +2 pair of gloves (worn)
 q - the +4 crystal plate armour of Good Intentions (worn) {Regen+ rCorr}
   (You found it on level 4 of the Realm of Zot)

   Regen:     It increases your rate of health regeneration.
   rCorr:     It protects you from acid and corrosion.
 s - a +2 helmet (worn)
 v - a +2 cloak (worn)
 C - the +3 pair of mountain boots (worn) {steadfast, rC+}
   (You acquired it on level 1 of the Snake Pit)

   Steadfast: It prevents involuntary movement, except for blinking,
   teleportation, or banishment.
   rC:        It protects you from cold.
 F - the +1 helmet of Diul Rou {-Tele rPois rCorr Str-4}
   (You found it on level 5 of the Vaults)

   Str:       It affects your strength (-4).
   rPois:     It protects you from poison.
   -Tele:     It prevents most forms of teleportation.
   rCorr:     It protects you from acid and corrosion.
 I - +0 gold dragon scales
 K - a +0 tower shield (worn)
Jewellery
 f - the ring "Seskoc" {+Blink rC+ Int+4}
   (You found it on level 3 of the Crypt)

   [ring of protection from cold]

   Int:       It affects your intelligence (+4).
   rC:        It protects you from cold.
   +Blink:    It lets you blink.
 j - an amulet of reflection
 G - a ring of protection from fire
 H - a +5 ring of evasion (right hand)
 J - a ring of resist corrosion
 N - the ring of Beogh's Indignation (left hand) {Wiz Will++ Str+3}
   (You bought it in a shop on level 4 of the Depths)

   [ring of wizardry]

   It improves your spell success rate.
   Str:       It affects your strength (+3).
   Will:      It greatly increases your willpower.
 P - a ring of protection from fire
 Q - a ring of resist corrosion
 R - a ring of protection from cold
 T - the amulet of Sixtena (around neck) {Rampage rF+ Regen+}
   (You took it off a deep elf high priest on level 5 of the Vaults)

   [amulet of regeneration]

   rF:        It protects you from fire.
   Regen:     It increases your rate of health regeneration.
   Rampage:   It bestows one free step when moving towards enemies.
 Y - a +4 ring of protection
Wands
 c - a wand of digging (25)
Scrolls
 e - 12 scrolls of identify
 l - 2 scrolls of enchant armour
 o - 6 scrolls of teleportation
 D - 4 scrolls of enchant weapon
 E - 6 scrolls of brand weapon
Potions
 a - 33 potions of curing
 b - 6 potions of attraction
 d - 9 potions of might
 g - 12 potions of mutation
 k - 9 potions of haste
 t - 5 potions of magic
 u - 6 potions of lignification
 z - 7 potions of cancellation
 V - 7 potions of heal wounds

Dungeon Overview and Level Annotations

Branches:
Dungeon (15/15)            Temple (1/1) D:5            Lair (5/5) D:8
  Swamp (4/4) Lair:3        Snake (4/4) Lair:2        Slime (0/5) Lair:4
    Orc (2/2) D:11            Elf (0/3) Orc:2        Vaults (5/5) D:14
  Crypt (3/3) Vaults:3       Tomb (2/3) Crypt:3      Depths (4/4) D:15
    Zot (4/5) Depths:4     WizLab (visited)

Altars:
Ashenzari
Cheibriados
Dithmenos
Elyvilon
Fedhas
Gozag
Hepliaklqana
Kikubaaqudgha
Makhleb
Nemelex Xobeh
Okawaru
Qazlal
Ru
Sif Muna
Trog
Uskayaw
Vehumet
Wu Jian
Xom
Yredelemnul
Zin
The Shining One
Jiyva
Lugonu

Shops:
D:12 (   D:15 *   Orc:1 !   Orc:2 =(?[   Snake:1 [?!   Snake:2 [   Snake:4 [(
Vaults:2 *   Vaults:4 ?   Vaults:5 ?!   Depths:1 [*   Depths:4 =::

Portals:
Hell: Depths:1 Depths:2 Depths:3 Depths:4
Abyss: Depths:1 Depths:3 Depths:4
Pandemonium: Depths:2 Depths:4
Ziggurat: Depths:2

Annotations:
D:8 2 transporters, qw's ghost, novice GrCA
Lair:2 2 transporters
Snake:1 3 runed translucent doors, Soawkar's ghost, adept GrFi
Snake:2 6 transporters
Depths:3 1 transporter


Message History

Enter note:
Enter note:
Enter note:
Enter note:
Enter note:
Enter note:
Enter note: You see here a +0 great sword.
There is an open door, spattered with blood here.
There is an open door here.
There is a one-way staircase leading up here.
Done exploring.
Done exploring.
Enter note:
Enter note:
Enter note:
Enter note:
Enter note:
Enter note:
Enter note:
Enter note:
Enter note:
Enter note:
Enter note:
Enter note:
Enter note:
Enter note:
Enter note:
Enter note:
Enter note:
Enter note:
Enter note:
Enter note:
Enter note:
Enter note:
Enter note:
Enter note:
Enter note: Zot's power touches on you...
Are you sure you want to abandon this character and quit the game? (Confirm with "yes".)

##....###....######
.......###...#....#
........##...#....#
.............'..^.#
.^...........#^..^#
=......##....#....#
.............#....#
.............###'##
........##...#..@.#
.......###)..#.^..#
##....###....#^...#
##...###<....#....#
.....##......#....#
.............#....#
..[..........#....#
.............#...<#
.............######


There were no monsters in sight!

Vanquished Creatures
  2 dread liches
  An ancient lich (Vaults:4)
  2 orbs of fire (Zot:3)
  2 juggernauts (Depths:2)
  7 royal mummies
  A Killer Klown (Zot:3)
  Bai Suzhen (Crypt:2)
  Frederick (Vaults:3)
  the Lernaean hydra (Swamp:4)
  Margery (Crypt:2)
  A curse toe (Zot:4)
  5 caustic shrikes
  Jory (Vaults:3)
  11 golden dragons
  A spectral shard shrike (Crypt:3)
  A walking crystal tome (Depths:2)
  Rupert (Orc:2)
  6 liches
  A walking earthen tome (Depths:3)
  25 tentacled monstrosities
  Mlioglotl (Swamp:3)
  7 quicksilver dragons
  2 walking divine tomes
  A deep elf master archer (Tomb:2)
  7 deep elf blademasters
  A walking frostbound tome (Depths:4)
  Asterion (Vaults:3)
  16 titans
  13 sphinxes
  4 ancient champions
  Gastronok (Lair:3)
  13 death cobs
  14 tengu reavers
  4 draconian monks
  13 storm dragons
  5 revenants
  9 shadow dragons
  2 nagarajas
  2 draconian knights (Depths:4)
  An azure jelly (D:14)
  8 fire giants
  14 frost giants
  A deep elf sorcerer (Vaults:5)
  25 vault wardens
  Louise (Snake:4)
  8 draconian shifters
  4 iron dragons
  7 ghouls
  Aizul (Swamp:1)
  2 caustic shrike zombies
  A curse skull (Crypt:3)
  A ghost moth (Zot:2)
  4 draconian scorchers
  2 juggernaut zombies
  An orc warlord (D:14)
  3 draconian annihilators
  3 draconian stormcallers
  2 war gargoyles
  9 vampire knights
  A juggernaut skeleton (Depths:2)
  A broodmother (shapeshifter) (Vaults:5)
  29 very ugly things
  A rockslime zombie (Crypt:1)
  18 ironbound preservers
  16 stone giants
  Nessos (D:12)
  7 ironbound thunderhulks
  12 black draconians
  3 eleionomae
  3 deep elf demonologists
  11 dire elephants
  12 green draconians
  Azrael (D:14)
  9 purple draconians
  11 white draconians
  6 yellow draconians
  4 bunyips
  8 spark wasps
  7 mummy priests
  13 red draconians
  5 deep elf death magi
  A crystal guardian (Vaults:4)
  9 eidola
  Josephine (D:12)
  An ettin (shapeshifter) (Depths:2)
  18 ettins
  2 entropy weavers
  A shambling mangrove (Swamp:2)
  A green death (Depths:2)
  12 fire dragons
  8 great orbs of eyes
  6 jiangshi (Crypt:1)
  12 yaktaur captains
  4 deep elf high priests (Vaults:5)
  2 spriggan zombies
  6 peacekeepers
  10 anacondas
  6 ice dragons
  34 vault guards
  An ogre mage (Vaults:5)
  A spectral shadow dragon (Crypt:3)
  A juggernaut simulacrum (Depths:2)
  A hydra (shapeshifter) (Vaults:5)
  4 rakshasas
  3 spriggan skeletons
  6 salamander tyrants (Snake:4)
  9 ironbound frosthearts
  5 spriggan air magi
  27 hydras
  A caustic shrike simulacrum (Crypt:2)
  A ghost crab (Swamp:1)
  A jorogumo (shapeshifter) (Vaults:5)
  A catoblepas (Lair:5)
  6 boulder beetles
  14 centaur warriors
  A death knight (Crypt:3)
  9 tengu warriors
  10 deep troll earth magi
  4 death scarabs (Tomb:1)
  9 alligators
  2 hell hogs (Depths:3)
  8 naga warriors
  11 two-headed ogres
  20 naga sharpshooters
  6 deep troll shamans
  3 spriggan berserkers
  8 vampire magi
  9 death yaks
  8 shock serpents
  An orc high priest (Orc:2)
  Urug (Orc:2)
  A skyshark (shapeshifter) (Vaults:5)
  10 soul eaters
  19 hell knights
  3 deep elf knights
  A spectral bunyip (Crypt:3)
  17 skeletal warriors
  5 iron trolls
  10 shadow wraiths
  6 goliath frogs
  A sixfirhy (Depths:2)
  A glowing orange brain (Vaults:3)
  2 spriggan druids
  9 salamander mystics
  55 deep trolls
  A deep troll (shapeshifter) (Vaults:5)
  5 naga ritualists
  7 flayed ghosts
  2 tengu zombies
  A glowing orange brain (shapeshifter) (D:14)
  7 swamp dragons
  A deep elf zephyrmancer (D:14)
  7 bog bodies
  3 deep elf archers
  6 wizards
  16 lindwurms
  13 harpies
  18 ironbound convokers
  A bunyip skeleton (Tomb:1)
  9 necromancers
  An anaconda skeleton (Crypt:1)
  2 harpies (shapeshifter)
  14 orc knights
  15 mana vipers
  2 wolf spiders
  21 phantasmal warriors
  7 deep elf pyromancers
  A wolf spider (shapeshifter) (Vaults:5)
  2 orc sorcerers
  32 ugly things
  4 cyclopes
  23 moths of wrath
  12 salamanders
  2 manticores
  A moth of wrath (shapeshifter) (Vaults:5)
  7 will-o-the-wisps
  A centaur zombie (Crypt:2)
  An eleionoma skeleton (Crypt:2)
  22 vault sentinels
  2 rust devils (Depths:2)
  9 elephants
  A titan simulacrum (Crypt:1)
  14 naga magi
  A smoke demon (Depths:2)
  A gargoyle (D:12)
  19 black mambas
  3 guardian serpents (Snake:4)
  9 cane toads
  2 dire elephant skeletons (Crypt:1)
  A torpor snail (Lair:5)
  2 unseen horrors
  A green draconian zombie (Crypt:1)
  3 orange demons
  A centaur skeleton (Crypt:1)
  9 rime drakes
  2 tengu conjurers
  46 yaktaurs
  6 freezing wraiths
  A troll (shapeshifter) (Vaults:5)
  15 guardian mummies
  5 komodo dragons
  A meliai (D:14)
  2 iron troll skeletons
  A wolf spider simulacrum (D:14)
  A red draconian skeleton (Crypt:3)
  4 bloated husks
  A hellwing (Depths:2)
  7 tyrant leeches
  A raiju (shapeshifter) (Vaults:3)
  12 trolls
  5 polar bears
  6 saltlings (Orc:2)
  13 hornets
  3 harpy zombies
  2 harpy skeletons
  A merfolk zombie (Crypt:1)
  14 blink frogs
  8 dream sheep (Lair:5)
  41 slime creatures
  An ice dragon zombie (Crypt:1)
  6 wyverns
  2 centaur simulacra
  19 spriggans
  An ettin skeleton (Tomb:2)
  29 shadows
  An ice dragon skeleton (Crypt:1)
  A fire dragon skeleton (Crypt:2)
  8 flying skulls
  4 vampires
  30 yaks
  3 ushabtiu
  4 fire elementals (D:14)
  6 basilisks
  21 wraiths
  22 vampire mosquitoes
  A chaos spawn (Depths:2)
  A steam dragon (D:8)
  A fire bat zombie (Crypt:3)
  2 redbacks (Vaults:1)
  A skyshark zombie (Crypt:2)
  A catoblepas simulacrum (Crypt:1)
  3 harpy simulacra
  A naga zombie (Crypt:1)
  2 wargs
  18 swamp worms
  5 acid dragons
  55 nagas
  4 hell hounds (D:14)
  A water moccasin (shapeshifter) (D:15)
  22 water moccasins
  A merfolk skeleton (Crypt:1)
  A floating eye (shapeshifter) (D:14)
  6 swamp drakes (Swamp:4)
  A manticore zombie (Crypt:3)
  18 orc warriors
  2 ice beasts (D:7)
  3 black bears
  A lindwurm zombie (Crypt:2)
  11 boggarts
  8 ogres
  28 wolves
  9 centaurs
  A swamp dragon skeleton (Tomb:1)
  3 phantoms
  4 kobold brigands
  13 bullfrogs
  3 necrophages (Crypt:3)
  A salamander skeleton (Crypt:1)
  A scorpion (D:7)
  A gnoll sergeant (D:9)
  5 wights (D:10)
  A queen bee zombie (Crypt:1)
  2 electric eels
  7 howler monkeys
  5 hounds (D:6)
  2 jellies
  16 orc priests
  A gnoll bouda (D:7)
  5 iguanas
  A sleepcap (D:6)
  17 orc wizards
  A sky beast zombie (Crypt:3)
  6 ogre zombies (D:11)
  A deep dwarf skeleton (Crypt:1)
  A tengu skeleton (Crypt:2)
  An acid dragon skeleton (Crypt:3)
  A boggart simulacrum (D:15)
  A hound skeleton (Crypt:2)
  23 mummies
  14 gnolls
  3 adders
  A white imp (D:6)
  2 ufetubi
  An adder zombie (D:3)
  A lava snake zombie (Crypt:3)
  An iguana skeleton (Crypt:2)
  2 dart slugs (D:1)
  79 orcs
  2 endoplasms
  3 giant cockroaches
  7 goblins
  4 hobgoblins
  6 jackals
  26 kobolds
  A quokka (D:2)
  4 ball pythons
  4 bats
  4 frilled lizards
  A goblin skeleton (D:11)
  2 goblin zombies (D:11)
  A hobgoblin skeleton (D:11)
  2 hobgoblin zombies (D:11)
  A jackal skeleton (D:3)
  2 orc skeletons (D:11)
  11 orc zombies (D:11)
  6 rats
  A spectral weapon (Vaults:3)
2155 creatures vanquished.

Vanquished Creatures (collateral kills)
  3 royal mummies (Tomb:1)
  2 liches (Tomb:1)
  A deep elf master archer (Tomb:2)
  2 revenants (Tomb:1)
  A ghoul (Crypt:3)
  A curse skull (Crypt:3)
  A green draconian (Tomb:2)
  A spectral titan (Crypt:3)
  2 bennus (Tomb:2)
  An eidolon (Crypt:3)
  7 mummy priests
  A death knight (Crypt:3)
  3 skeletal warriors (Crypt:3)
  4 shadow wraiths (Crypt:3)
  A flayed ghost (Crypt:3)
  A phantasmal warrior (Crypt:3)
  A death yak zombie (Crypt:3)
  A freezing wraith (Crypt:3)
  9 guardian mummies (Tomb:2)
  9 flying skulls
  A shadow (Crypt:3)
  5 ushabtiu (Tomb:1)
  A salamander skeleton (Crypt:3)
  A raiju skeleton (Crypt:3)
  12 mummies
72 creatures vanquished.

Vanquished Creatures (others)
  An ironbound preserver (Vaults:2)
  An alligator (Swamp:2)
  A deep troll (Vaults:2)
  A smoke demon (Depths:3)
  A swamp drake (Swamp:4)
  An orc (Orc:2)
  16 foxfires
  94 spectral weapons
116 creatures vanquished.

Grand Total: 2343 creatures vanquished

Notes
Turn   | Place    | Note
-------+----------+-------------------------------------------
     0 | D:1      | qw the Gargoyle Fighter began the quest for the Orb.
     0 | D:1      | Reached XP level 1. HP: 14/14 MP: 1/1
     0 | D:1      | 0 ||| qw: Version: 0.2-a-98-g5d7165a
     0 | D:1      | 0 ||| qw: Game counter: 52
     0 | D:1      | 0 ||| qw: Always use a shield: true
     0 | D:1      | 0 ||| qw: God list: Okawaru
     0 | D:1      | 0 ||| qw: Allow faded altars: false
     0 | D:1      | 0 ||| qw: Do Orc after D:15 true
     0 | D:1      | 0 ||| qw: Do second Lair branch before Depths: true
     0 | D:1      | 0 ||| qw: Lair rune preference: random
     0 | D:1      | 0 ||| qw: Plans: Normal, Zot:1-4, God:TSO, Crypt, Tomb,
                  | Pan, Slime:5, Hells, Abyss, Win
     0 | D:1      | 0 ||| PLANNING D:1-11
    52 | D:1      | 52 ||| Stepping ~*~*~tactically~*~*~ (hiding).
   196 | D:1      | 196 ||| Stepping ~*~*~tactically~*~*~ (hiding).
   202 | D:1      | Reached XP level 2. HP: 19/19 MP: 2/2
   329 | D:1      | Found a faded altar of an unknown god.
   958 | D:1      | 958 ||| UPGRADING to amulet of reflection.
   963 | D:1      | 963 ||| READING scroll labelled DUH COEVAINUK.
   964 | D:1      | 964 ||| READING 2 scrolls labelled VAG DUIXODUULO.
   965 | D:1      | 965 ||| READING scroll labelled OVVYIM BIUKYCO.
   966 | D:1      | 966 ||| READING scroll labelled PAILAGI RAIMMO.
   967 | D:1      | 967 ||| DRINKING 2 cyan potions.
   968 | D:1      | 968 ||| DROPPING scroll of noise.
  1161 | D:2      | Identified the +11 hand axe "Toiq" {speed, rF++ Will- rCorr
                  | SInv}
  1163 | D:2      | 1163 ||| SWAPPING to +11 hand axe "Toiq" {speed, rF++ Will-
                  | rCorr SInv}.
  1164 | D:2      | 1164 ||| DROPPING +0 war axe.
  1169 | D:2      | Identified the staff of air "Jehut" {rElec Str+2 Stlth+}
  1243 | D:2      | Reached skill level 3 in Axes
  1434 | D:2      | Reached XP level 3. HP: 23/23 MP: 3/3
  1683 | D:2      | 1683 ||| READING scroll labelled UKLAPH IMEJO.
  1684 | D:2      | 1684 ||| READING scroll labelled USMEHO EXENEK.
  1688 | D:2      | 1688 ||| DRINKING 2 viscous pink potions.
  1689 | D:2      | 1689 ||| DROPPING potion of invisibility.
  1737 | D:3      | 1737 ||| Stepping ~*~*~tactically~*~*~ (hiding).
  1750 | D:3      | Reached XP level 4. HP: 28/28 MP: 4/4
  1778 | D:3      | Found a basalt altar of Yredelemnul.
  1787 | D:3      | 1787 ||| READING scroll labelled TAGROBAECH.
  1981 | D:3      | Reached XP level 5. HP: 28/32 MP: 5/5
  2011 | D:3      | 2011 ||| Stepping ~*~*~tactically~*~*~ (hiding).
  2012 | D:3      | 2012 ||| Stepping ~*~*~tactically~*~*~ (hiding).
  2029 | D:3      | 2029 ||| Stepping ~*~*~tactically~*~*~ (stealth).
  2220 | D:3      | Found a shadowy altar of Dithmenos.
  2549 | D:4      | Found an ancient bone altar of Kikubaaqudgha.
  2632 | D:4      | Found a hide-covered altar of Uskayaw.
  2635 | D:4      | Found a bloodstained altar of Trog.
  2635 | D:4      | Found a radiant altar of Vehumet.
  2831 | D:4      | 2831 ||| Stepping ~*~*~tactically~*~*~ (hiding).
  2984 | D:4      | 2984 ||| UPGRADING to +2 plate armour of willpower.
  2994 | D:4      | 2994 ||| DROPPING +0 scale mail.
  3030 | D:5      | Entered Level 5 of the Dungeon
  3034 | D:5      | Found a staircase to the Ecumenical Temple.
  3035 | D:5      | 3035 ||| PLANNING TEMPLE
  3036 | D:5      | Noticed a centaur
  3037 | D:5      | 3037 ||| Stepping ~*~*~tactically~*~*~ (hiding).
  3038 | D:5      | 3038 ||| Stepping ~*~*~tactically~*~*~ (stealth).
  3045 | D:5      | Reached skill level 4 in Fighting
  3045 | D:5      | Killed a centaur
  3046 | D:5      | Reached XP level 6. HP: 38/38 MP: 6/6
  3046 | D:5      | 3046 ||| Stepping ~*~*~tactically~*~*~ (hiding).
  3064 | Temple   | Entered the Ecumenical Temple
  3072 | Temple   | 3072 ||| PLANNING OKAWARU WORSHIP
  3149 | Temple   | Became a worshipper of Warmaster Okawaru
  3149 | Temple   | 3149 ||| PLANNING D:1-11
  3165 | D:5      | 3165 ||| Stepping ~*~*~tactically~*~*~ (stealth).
  3167 | D:5      | 3167 ||| Stepping ~*~*~tactically~*~*~ (hiding).
  3190 | D:5      | 3190 ||| Stepping ~*~*~tactically~*~*~ (stealth).
  3191 | D:5      | 3191 ||| Stepping ~*~*~tactically~*~*~ (stealth).
  3192 | D:5      | 3192 ||| Stepping ~*~*~tactically~*~*~ (stealth).
  3193 | D:5      | 3193 ||| Stepping ~*~*~tactically~*~*~ (stealth).
  3201 | D:5      | Reached skill level 6 in Axes
  3507 | D:5      | Reached XP level 7. HP: 43/43 MP: 7/7
  3524 | D:5      | 3524 ||| Stepping ~*~*~tactically~*~*~ (stealth).
  3660 | D:5      | Found a shimmering altar of Xom.
  3774 | D:5      | 3774 ||| DROPPING +6 ring of intelligence.
  3775 | D:5      | 3775 ||| DRINKING 2 grey potions.
  3776 | D:5      | 3776 ||| READING 5 scrolls of identify.
  3776 | D:5      | 3776 ||| IDENTIFYING ruby potion
  3777 | D:5      | 3777 ||| READING 4 scrolls of identify.
  3777 | D:5      | 3777 ||| IDENTIFYING fuming pink potion
  3882 | D:6      | Noticed a shadow
  3888 | D:6      | Killed a shadow
  3926 | D:6      | 3926 ||| Stepping ~*~*~tactically~*~*~ (stealth).
  3938 | D:6      | 3938 ||| Stepping ~*~*~tactically~*~*~ (stealth).
  3943 | D:6      | Reached skill level 5 in Fighting
  3976 | D:6      | Reached * piety under Okawaru
  3977 | D:6      | Reached skill level 1 in Dodging
  3977 | D:6      | Reached XP level 8. HP: 49/49 MP: 8/8
  3994 | D:6      | Reached skill level 1 in Invocations
  4007 | D:6      | Noticed a wraith
  4022 | D:6      | Killed a wraith
  4044 | D:6      | 4044 ||| READING scroll labelled YBBOINOT ASTROCW.
  4088 | D:6      | 4088 ||| INVOKING Heroism.
  4098 | D:6      | Reached skill level 3 in Invocations
  4129 | D:6      | 4129 ||| INVOKING Heroism.
  4458 | D:6      | 4458 ||| INVOKING Heroism.
  4465 | D:6      | Reached skill level 6 in Fighting
  4465 | D:6      | Reached XP level 9. HP: 55/55 MP: 9/12
  4716 | D:6      | 4716 ||| INVOKING Heroism.
  4902 | D:6      | 4902 ||| READING scroll labelled TUIKHA MYQARHI.
  5003 | D:6      | 5003 ||| READING scroll labelled WYLUUN WAATHYE.
  5004 | D:6      | 5004 ||| READING 5 scrolls of identify.
  5004 | D:6      | 5004 ||| IDENTIFYING bubbling yellow potion
  5005 | D:6      | 5005 ||| DROPPING potion of flight.
  5078 | D:7      | 5078 ||| INVOKING Heroism.
  5080 | D:7      | 5080 ||| Stepping ~*~*~tactically~*~*~ (stealth).
  5221 | D:7      | Reached skill level 9 in Axes
  5221 | D:7      | Reached ** piety under Okawaru
  5439 | D:7      | Reached skill level 7 in Fighting
  5924 | D:7      | 5924 ||| INVOKING Heroism.
  5925 | D:7      | 5925 ||| Stepping ~*~*~tactically~*~*~ (hiding).
  5968 | D:7      | 5968 ||| DROPPING amulet of magic regeneration.
  5969 | D:7      | 5969 ||| UPGRADING to ring of ice.
  5970 | D:7      | 5970 ||| READING scroll labelled NAOJIEQALLA.
  5994 | D:8      | 5994 ||| INVOKING Heroism.
  6007 | D:8      | 6007 ||| Stepping ~*~*~tactically~*~*~ (stealth).
  6019 | D:8      | 6019 ||| Stepping ~*~*~tactically~*~*~ (stealth).
  6020 | D:8      | 6020 ||| INVOKING Heroism.
  6028 | D:8      | Reached skill level 1 in Throwing
  6053 | D:8      | Reached XP level 10. HP: 63/63 MP: 13/13
  6059 | D:8      | Noticed qw's ghost (novice GrCA)
  6061 | D:8      | Found a transporter.
  6062 | D:8      | Found a transporter.
  6064 | D:8      | 6064 ||| Stepping ~*~*~tactically~*~*~ (hiding).
  6066 | D:8      | 6066 ||| INVOKING Heroism.
  6182 | D:8      | Found a staircase to the Lair.
  6203 | D:8      | 6203 ||| INVOKING Heroism.
  6321 | D:8      | Reached skill level 8 in Fighting
  6340 | D:8      | Reached *** piety under Okawaru
  6341 | D:8      | Reached skill level 6 in Armour
  6466 | D:8      | Found a white marble altar of Elyvilon.
  6810 | D:8      | 6810 ||| PLANNING LAIR
  6810 | D:8      | 6810 ||| UPGRADING to +0 pair of gloves.
  6846 | Lair:1   | Entered Level 1 of the Lair of Beasts
  6847 | Lair:1   | 6847 ||| INVOKING Heroism.
  6867 | Lair:1   | Noticed a black mamba
  6874 | Lair:1   | Killed a black mamba
  6903 | Lair:1   | 6903 ||| INVOKING Heroism.
  7018 | Lair:1   | Noticed a cane toad
  7019 | Lair:1   | 7019 ||| INVOKING Heroism.
  7033 | Lair:1   | Reached **** piety under Okawaru
  7036 | Lair:1   | Killed a cane toad
  7087 | Lair:1   | Reached XP level 11. HP: 69/69 MP: 14/14
  7106 | Lair:1   | 7106 ||| INVOKING Heroism.
  7116 | Lair:1   | Reached skill level 9 in Fighting
  7224 | Lair:1   | Reached skill level 6 in Invocations
  7272 | Lair:1   | 7272 ||| INVOKING Heroism.
  7293 | Lair:1   | Noticed a boulder beetle
  7313 | Lair:1   | 7313 ||| INVOKING Heroism.
  7328 | Lair:1   | Killed a boulder beetle
  7717 | Lair:1   | 7717 ||| READING scroll labelled WAOLATR HUOFRI.
  7718 | Lair:1   | 7718 ||| READING 4 scrolls of identify.
  7718 | Lair:1   | 7718 ||| IDENTIFYING lumpy silvery potion
  7719 | Lair:1   | 7719 ||| READING 3 scrolls of identify.
  7719 | Lair:1   | 7719 ||| IDENTIFYING black potion
  7720 | Lair:1   | 7720 ||| DROPPING potion of berserk rage.
  7749 | Lair:2   | 7749 ||| INVOKING Heroism.
  7889 | Lair:2   | 7889 ||| READING scroll of enchant armour.
  7889 | Lair:2   | 7889 ||| ENCHANTING +0 pair of gloves.
  7917 | Lair:2   | 7917 ||| INVOKING Heroism.
  7942 | Lair:2   | Found a staircase to the Snake Pit.
  8026 | Lair:2   | 8026 ||| READING scroll of enchant armour.
  8026 | Lair:2   | 8026 ||| ENCHANTING +1 pair of gloves.
  8085 | Lair:2   | 8085 ||| INVOKING Heroism.
  8097 | Lair:2   | Reached skill level 12 in Axes
  8119 | Lair:2   | Found a transporter.
  8149 | Lair:2   | Found a transporter.
  8177 | Lair:2   | 8177 ||| Stepping ~*~*~tactically~*~*~ (stealth).
  8198 | Lair:2   | 8198 ||| Stepping ~*~*~tactically~*~*~ (stealth).
  8202 | Lair:2   | 8202 ||| INVOKING Heroism.
  8427 | Lair:2   | Noticed a boulder beetle
  8787 | Lair:2   | 8787 ||| UPGRADING to +0 helmet.
  8792 | Lair:2   | 8792 ||| READING scroll labelled BOMIWA HIDE.
  8846 | Lair:3   | Noticed a five-headed hydra
  8847 | Lair:3   | 8847 ||| INVOKING Heroism.
  8852 | Lair:3   | 8852 ||| SWAPPING to +0 morningstar.
  8853 | Lair:3   | 8853 ||| REMOVING ring of ice.
  8858 | Lair:3   | Killed a five-headed hydra
  8859 | Lair:3   | 8859 ||| SWAPPING to +11 hand axe "Toiq" {speed, rF++ Will-
                  | rCorr SInv}.
  9043 | Lair:3   | Reached ***** piety under Okawaru
  9045 | Lair:3   | 9045 ||| INVOKING Heroism.
  9050 | Lair:3   | Reached XP level 12. HP: 51/76 MP: 15/18
  9052 | Lair:3   | Reached skill level 9 in Invocations
  9156 | Lair:3   | 9156 ||| INVOKING Heroism.
  9185 | Lair:3   | Reached skill level 6 in Shields
  9238 | Lair:3   | 9238 ||| INVOKING Heroism.
  9376 | Lair:3   | Noticed Gastronok
  9377 | Lair:3   | 9377 ||| INVOKING Heroism.
  9397 | Lair:3   | Killed Gastronok
  9578 | Lair:3   | 9578 ||| INVOKING Heroism.
  9622 | Lair:3   | 9622 ||| INVOKING Heroism.
  9744 | Lair:3   | Reached skill level 10 in Fighting
 10023 | Lair:3   | Found a staircase to the Swamp.
 10024 | Lair:3   | 10024 ||| INVOKING Heroism.
 10169 | Lair:3   | 10169 ||| UPGRADING to ring of ice.
 10170 | Lair:3   | 10170 ||| READING scroll labelled DURAFA RUCIED.
 10220 | Lair:3   | 10220 ||| READING scroll labelled UZUTUC HUEGET.
 10221 | Lair:3   | 10221 ||| READING 6 scrolls of identify.
 10221 | Lair:3   | 10221 ||| IDENTIFYING smoky grey potion
 10222 | Lair:3   | 10222 ||| DROPPING potion of degeneration.
 10301 | Lair:4   | Reached skill level 9 in Armour
 10362 | Lair:4   | 10362 ||| INVOKING Heroism.
 10480 | Lair:4   | 10480 ||| INVOKING Heroism.
 10516 | Lair:4   | Received a gift from Okawaru
 10520 | Lair:4   | Noticed a death yak
 10521 | Lair:4   | 10521 ||| INVOKING Finesse.
 10528 | Lair:4   | Noticed a death yak
 10535 | Lair:4   | Noticed a death yak
 10542 | Lair:4   | Killed a death yak
 10543 | Lair:4   | Noticed a death yak
 10549 | Lair:4   | Reached XP level 13. HP: 53/82 MP: 15/20
 10924 | Lair:4   | Found a viscous altar of Jiyva.
 10926 | Lair:4   | Found a staircase to the Slime Pits.
 11401 | Lair:4   | 11401 ||| UPGRADING to ring of willpower.
 11402 | Lair:4   | 11402 ||| READING scroll labelled PIPPEOSM TIMUMM.
 11402 | Lair:4   | Identified a scroll of acquirement
 11402 | Lair:4   | 11402 ||| ACQUIRING 1333 gold pieces
 11402 | Lair:4   | Acquired 1333 gold pieces
 11404 | Lair:4   | 11404 ||| DRINKING 2 red potions.
 11452 | Lair:5   | Entered Level 5 of the Lair of Beasts
 11453 | Lair:5   | 11453 ||| INVOKING Heroism.
 11460 | Lair:5   | 11460 ||| INVOKING Finesse.
 11481 | Lair:5   | 11481 ||| SWAPPING to +0 morningstar.
 11482 | Lair:5   | 11482 ||| REMOVING ring of ice.
 11488 | Lair:5   | 11488 ||| Stepping ~*~*~tactically~*~*~ (hiding).
 11489 | Lair:5   | 11489 ||| SWAPPING to +6 heavy broad axe.
 11497 | Lair:5   | Reached skill level 11 in Fighting
 11501 | Lair:5   | Received a gift from Okawaru
 11534 | Lair:5   | 11534 ||| READING scroll of enchant weapon.
 11534 | Lair:5   | 11534 ||| ENCHANTING +6 heavy broad axe.
 11557 | Lair:5   | 11557 ||| Stepping ~*~*~tactically~*~*~ (stealth).
 11589 | Lair:5   | 11589 ||| INVOKING Heroism.
 11590 | Lair:5   | 11590 ||| INVOKING Finesse.
 11594 | Lair:5   | 11594 ||| SWAPPING to +0 morningstar.
 11603 | Lair:5   | 11603 ||| SWAPPING to +7 heavy broad axe.
 11633 | Lair:5   | 11633 ||| Stepping ~*~*~tactically~*~*~ (stealth).
 11634 | Lair:5   | 11634 ||| INVOKING Heroism.
 11822 | Lair:5   | 11822 ||| INVOKING Heroism.
 11846 | Lair:5   | 11846 ||| Stepping ~*~*~tactically~*~*~ (stealth).
 11865 | Lair:5   | 11865 ||| Stepping ~*~*~tactically~*~*~ (stealth).
 11907 | Lair:5   | 11907 ||| Stepping ~*~*~tactically~*~*~ (stealth).
 12015 | Lair:5   | 12015 ||| Stepping ~*~*~tactically~*~*~ (stealth).
 12017 | Lair:5   | 12017 ||| INVOKING Heroism.
 12018 | Lair:5   | 12018 ||| INVOKING Finesse.
 12031 | Lair:5   | 12031 ||| Stepping ~*~*~tactically~*~*~ (stealth).
 12126 | Lair:5   | 12126 ||| INVOKING Heroism.
 12161 | Lair:5   | 12161 ||| Stepping ~*~*~tactically~*~*~ (stealth).
 12291 | Lair:5   | Reached skill level 15 in Axes
 12367 | Lair:5   | 12367 ||| INVOKING Heroism.
 12368 | Lair:5   | 12368 ||| INVOKING Finesse.
 12372 | Lair:5   | 12372 ||| SWAPPING to +0 morningstar.
 12378 | Lair:5   | 12378 ||| SWAPPING to +7 heavy broad axe.
 12451 | Lair:5   | 12451 ||| INVOKING Heroism.
 12457 | Lair:5   | 12457 ||| SWAPPING to +0 morningstar.
 12462 | Lair:5   | Gained mutation: Your large and strong wings let you fly.
                  | [Gargoyle growth]
 12462 | Lair:5   | Reached XP level 14. HP: 73/91 MP: 19/21
 12462 | Lair:5   | 12462 ||| SWAPPING to +7 heavy broad axe.
 12539 | Lair:5   | 12539 ||| Stepping ~*~*~tactically~*~*~ (stealth).
 12564 | Lair:5   | 12564 ||| Stepping ~*~*~tactically~*~*~ (stealth).
 12573 | Lair:5   | 12573 ||| INVOKING Heroism.
 12577 | Lair:5   | Reached skill level 12 in Fighting
 12580 | Lair:5   | 12580 ||| Stepping ~*~*~tactically~*~*~ (stealth).
 12750 | Lair:5   | 12750 ||| INVOKING Heroism.
 12759 | Lair:5   | 12759 ||| Stepping ~*~*~tactically~*~*~ (stealth).
 12847 | Lair:5   | 12847 ||| INVOKING Heroism.
 12885 | Lair:5   | 12885 ||| Stepping ~*~*~tactically~*~*~ (stealth).
 12893 | Lair:5   | 12893 ||| Stepping ~*~*~tactically~*~*~ (stealth).
 12894 | Lair:5   | 12894 ||| Stepping ~*~*~tactically~*~*~ (stealth).
 12901 | Lair:5   | 12901 ||| Stepping ~*~*~tactically~*~*~ (stealth).
 12903 | Lair:5   | 12903 ||| Stepping ~*~*~tactically~*~*~ (stealth).
 12927 | Lair:5   | 12927 ||| Stepping ~*~*~tactically~*~*~ (hiding).
 12936 | Lair:5   | 12936 ||| INVOKING Heroism.
 12999 | Lair:5   | 12999 ||| INVOKING Heroism.
 13001 | Lair:5   | 13001 ||| SWAPPING to +0 morningstar.
 13011 | Lair:5   | 13011 ||| SWAPPING to +7 heavy broad axe.
 13124 | Lair:5   | 13124 ||| INVOKING Heroism.
 13268 | Lair:5   | 13268 ||| Stepping ~*~*~tactically~*~*~ (stealth).
 13269 | Lair:5   | 13269 ||| Stepping ~*~*~tactically~*~*~ (stealth).
 13306 | Lair:5   | 13306 ||| Stepping ~*~*~tactically~*~*~ (stealth).
 13307 | Lair:5   | 13307 ||| Stepping ~*~*~tactically~*~*~ (stealth).
 13325 | Lair:5   | 13325 ||| INVOKING Heroism.
 13496 | Lair:5   | 13496 ||| PLANNING D:1-11
 13496 | Lair:5   | 13496 ||| UPGRADING to scarf of resistance.
 13501 | Lair:5   | 13501 ||| UPGRADING to +0 pair of boots.
 13725 | D:9      | 13725 ||| Stepping ~*~*~tactically~*~*~ (hiding).
 14258 | D:9      | 14258 ||| READING 8 scrolls of identify.
 14258 | D:9      | 14258 ||| IDENTIFYING murky silvery potion
 14259 | D:9      | 14259 ||| DROPPING potion of brilliance.
 14274 | D:10     | Entered Level 10 of the Dungeon
 14320 | D:10     | 14320 ||| Stepping ~*~*~tactically~*~*~ (stealth).
 14364 | D:10     | 14364 ||| Stepping ~*~*~tactically~*~*~ (stealth).
 14371 | D:10     | 14371 ||| Stepping ~*~*~tactically~*~*~ (stealth).
 14480 | D:10     | 14480 ||| Stepping randomly (disturbance).
 14481 | D:10     | 14481 ||| Stepping ~*~*~tactically~*~*~ (hiding).
 14482 | D:10     | 14482 ||| Stepping ~*~*~tactically~*~*~ (hiding).
 14489 | D:10     | 14489 ||| Stepping ~*~*~tactically~*~*~ (hiding).
 14597 | D:10     | 14597 ||| Stepping ~*~*~tactically~*~*~ (stealth).
 14601 | D:10     | 14601 ||| Stepping ~*~*~tactically~*~*~ (stealth).
 14992 | D:10     | 14992 ||| DROPPING ring of wizardry.
 14993 | D:10     | 14993 ||| READING scroll labelled VONGYICR HEBO.
 15086 | D:11     | 15086 ||| Stepping ~*~*~tactically~*~*~ (hiding).
 15119 | D:11     | 15119 ||| Stepping ~*~*~tactically~*~*~ (stealth).
 15131 | D:11     | Found a staircase to the Orcish Mines.
 15138 | D:11     | 15138 ||| Stepping ~*~*~tactically~*~*~ (stealth).
 15467 | D:11     | Found the +6 shillelagh "Devastator" {shatter}
 15884 | D:11     | 15884 ||| PLANNING D
 15884 | D:11     | 15884 ||| UPGRADING to ring of positive energy.
 15898 | D:12     | 15898 ||| Stepping ~*~*~tactically~*~*~ (hiding).
 15899 | D:12     | 15899 ||| Stepping ~*~*~tactically~*~*~ (hiding).
 15900 | D:12     | 15900 ||| Stepping ~*~*~tactically~*~*~ (hiding).
 16009 | D:12     | Found Walleqehui's Antique Weapon Shop.
 16013 | D:12     | 16013 ||| Stepping ~*~*~tactically~*~*~ (hiding).
 16237 | D:12     | 16237 ||| Stepping ~*~*~tactically~*~*~ (stealth).
 16240 | D:12     | 16240 ||| Stepping ~*~*~tactically~*~*~ (hiding).
 16242 | D:12     | 16242 ||| Stepping ~*~*~tactically~*~*~ (hiding).
 16340 | D:12     | Noticed Nessos
 16341 | D:12     | 16341 ||| Stepping ~*~*~tactically~*~*~ (stealth).
 16343 | D:12     | 16343 ||| Stepping ~*~*~tactically~*~*~ (hiding).
 16344 | D:12     | 16344 ||| Stepping ~*~*~tactically~*~*~ (hiding).
 16345 | D:12     | 16345 ||| INVOKING Finesse.
 16348 | D:12     | Killed Nessos
 16349 | D:12     | Reached skill level 3 in Dodging
 16518 | D:12     | Noticed Josephine
 16519 | D:12     | 16519 ||| Stepping ~*~*~tactically~*~*~ (hiding).
 16526 | D:12     | Killed Josephine
 16606 | D:12     | Found a blossoming altar of Fedhas.
 16796 | D:12     | 16796 ||| READING 11 scrolls of identify.
 16796 | D:12     | 16796 ||| IDENTIFYING bubbling cyan potion
 16845 | D:13     | 16845 ||| STAIRDANCE
 16958 | D:13     | 16958 ||| Stepping ~*~*~tactically~*~*~ (hiding).
 17129 | D:13     | Reached skill level 12 in Armour
 17149 | D:13     | 17149 ||| READING scroll of enchant armour.
 17149 | D:13     | 17149 ||| ENCHANTING +0 helmet.
 17302 | D:13     | 17302 ||| INVOKING Heroism.
 17307 | D:13     | 17307 ||| READING 8 scrolls of teleportation.
 17394 | D:13     | Received a gift from Okawaru
 17436 | D:13     | 17436 ||| INVOKING Heroism.
 17437 | D:13     | 17437 ||| INVOKING Finesse.
 17758 | D:14     | 17758 ||| PLANNING GAUNTLET
 17776 | D:14     | 17776 ||| INVOKING Heroism.
 17786 | D:14     | Reached XP level 15. HP: 95/96 MP: 20/22
 17904 | D:14     | Found a gate leading to a gauntlet.
 17920 | D:14     | 17920 ||| INVOKING Heroism.
 17921 | D:14     | 17921 ||| INVOKING Finesse.
 17928 | D:14     | 17928 ||| SWAPPING to +0 morningstar.
 17950 | D:14     | 17950 ||| SWAPPING to +7 heavy broad axe.
 17996 | D:14     | 17996 ||| Stepping ~*~*~tactically~*~*~ (stealth).
 17997 | D:14     | 17997 ||| Stepping ~*~*~tactically~*~*~ (stealth).
 18003 | D:14     | 18003 ||| INVOKING Heroism.
 18085 | D:14     | 18085 ||| Stepping ~*~*~tactically~*~*~ (stealth).
 18107 | D:14     | 18107 ||| Stepping ~*~*~tactically~*~*~ (stealth).
 18204 | D:14     | 18204 ||| Stepping randomly (stuck).
 18205 | D:14     | 18205 ||| Stepping randomly (stuck).
 18206 | D:14     | 18206 ||| Stepping randomly (stuck).
 18207 | D:14     | 18207 ||| Stepping randomly (stuck).
 18208 | D:14     | 18208 ||| Stepping randomly (stuck).
 18209 | D:14     | 18209 ||| Stepping randomly (stuck).
 18210 | D:14     | 18210 ||| Stepping randomly (stuck).
 18211 | D:14     | 18211 ||| Stepping randomly (stuck).
 18212 | D:14     | 18212 ||| Stepping randomly (stuck).
 18213 | D:14     | 18213 ||| Stepping randomly (stuck).
 18214 | D:14     | 18214 ||| Stepping randomly (stuck).
 18215 | D:14     | 18215 ||| Stepping randomly (stuck).
 18216 | D:14     | 18216 ||| Stepping randomly (stuck).
 18217 | D:14     | 18217 ||| Stepping randomly (stuck).
 18218 | D:14     | 18218 ||| Stepping randomly (stuck).
 18219 | D:14     | 18219 ||| Stepping randomly (stuck).
 18220 | D:14     | 18220 ||| Stepping randomly (stuck).
 18221 | D:14     | 18221 ||| Stepping randomly (stuck).
 18222 | D:14     | 18222 ||| Stepping randomly (stuck).
 18223 | D:14     | 18223 ||| Stepping randomly (stuck).
 18224 | D:14     | 18224 ||| Stepping randomly (stuck).
 18225 | D:14     | 18225 ||| Stepping randomly (stuck).
 18226 | D:14     | 18226 ||| Stepping randomly (stuck).
 18227 | D:14     | 18227 ||| Stepping randomly (stuck).
 18228 | D:14     | 18228 ||| Stepping randomly (stuck).
 18229 | D:14     | 18229 ||| Stepping randomly (stuck).
 18230 | D:14     | 18230 ||| Stepping randomly (stuck).
 18231 | D:14     | 18231 ||| Stepping randomly (stuck).
 18232 | D:14     | 18232 ||| Stepping randomly (stuck).
 18233 | D:14     | 18233 ||| Stepping randomly (stuck).
 18234 | D:14     | 18234 ||| Stepping randomly (stuck).
 18235 | D:14     | 18235 ||| Stepping randomly (stuck).
 18236 | D:14     | 18236 ||| Stepping randomly (stuck).
 18237 | D:14     | 18237 ||| Stepping randomly (stuck).
 18238 | D:14     | 18238 ||| Stepping randomly (stuck).
 18239 | D:14     | 18239 ||| Stepping randomly (stuck).
 18240 | D:14     | 18240 ||| Stepping randomly (stuck).
 18241 | D:14     | 18241 ||| Stepping randomly (stuck).
 18242 | D:14     | 18242 ||| Stepping randomly (stuck).
 18243 | D:14     | 18243 ||| Stepping randomly (stuck).
 18244 | D:14     | 18244 ||| Stepping randomly (stuck).
 18245 | D:14     | 18245 ||| Stepping randomly (stuck).
 18246 | D:14     | 18246 ||| Stepping randomly (stuck).
 18247 | D:14     | 18247 ||| Stepping randomly (stuck).
 18248 | D:14     | 18248 ||| Stepping randomly (stuck).
 18249 | D:14     | 18249 ||| Stepping randomly (stuck).
 18250 | D:14     | 18250 ||| Stepping randomly (stuck).
 18264 | D:14     | 18264 ||| Stepping randomly (stuck).
 18265 | D:14     | 18265 ||| Stepping randomly (stuck).
 18266 | D:14     | 18266 ||| Stepping randomly (stuck).
 18267 | D:14     | 18267 ||| Stepping randomly (stuck).
 18268 | D:14     | 18268 ||| READING 7 scrolls of teleportation.
 18289 | D:14     | 18289 ||| READING 6 scrolls of teleportation.
 18292 | D:14     | 18292 ||| READING 5 scrolls of teleportation.
 18350 | D:14     | 18350 ||| READING 4 scrolls of teleportation.
 18355 | D:14     | 18355 ||| INVOKING Heroism.
 18356 | D:14     | Noticed Azrael
 18358 | D:14     | 18358 ||| SWAPPING to +0 morningstar.
 18364 | D:14     | HP: 24/97 [fire elemental[Azrael] (6)]
 18365 | D:14     | 18365 ||| READING 3 scrolls of teleportation.
 18366 | D:14     | 18366 ||| DRINKING 9 potions of heal wounds.
 18369 | D:14     | 18369 ||| DRINKING 8 potions of heal wounds.
 18371 | D:14     | 18371 ||| SWAPPING to +7 heavy broad axe.
 18377 | D:14     | Reached skill level 13 in Fighting
 18377 | D:14     | 18377 ||| SWAPPING to +0 morningstar.
 18378 | D:14     | 18378 ||| Stepping ~*~*~tactically~*~*~ (outnumbered).
 18382 | D:14     | HP: 21/98 [seven-headed hydra (9)]
 18383 | D:14     | 18383 ||| READING 2 scrolls of teleportation.
 18384 | D:14     | 18384 ||| DRINKING 7 potions of heal wounds.
 18386 | D:14     | 18386 ||| DRINKING 6 potions of heal wounds.
 18389 | D:14     | 18389 ||| SWAPPING to +7 heavy broad axe.
 18539 | D:14     | 18539 ||| READING scroll of teleportation.
 18544 | D:14     | 18544 ||| Stepping randomly (stuck).
 18545 | D:14     | 18545 ||| Stepping randomly (stuck).
 18547 | D:14     | 18547 ||| Stepping randomly (stuck).
 18548 | D:14     | 18548 ||| Stepping randomly (stuck).
 18549 | D:14     | 18549 ||| Stepping randomly (stuck).
 18550 | D:14     | 18550 ||| Stepping randomly (stuck).
 18551 | D:14     | 18551 ||| Stepping randomly (stuck).
 18552 | D:14     | 18552 ||| Stepping randomly (stuck).
 18553 | D:14     | 18553 ||| Stepping randomly (stuck).
 18554 | D:14     | 18554 ||| Stepping randomly (stuck).
 18555 | D:14     | 18555 ||| Stepping randomly (stuck).
 18556 | D:14     | 18556 ||| Stepping randomly (stuck).
 18557 | D:14     | 18557 ||| Stepping randomly (stuck).
 18558 | D:14     | 18558 ||| Stepping randomly (stuck).
 18559 | D:14     | 18559 ||| INVOKING Heroism.
 18566 | D:14     | Killed Azrael
 18630 | D:14     | 18630 ||| Stepping randomly (stuck).
 18631 | D:14     | 18631 ||| Stepping randomly (stuck).
 18632 | D:14     | 18632 ||| Stepping randomly (stuck).
 18633 | D:14     | 18633 ||| Stepping randomly (stuck).
 18634 | D:14     | 18634 ||| Stepping randomly (stuck).
 18635 | D:14     | 18635 ||| Stepping randomly (stuck).
 18636 | D:14     | 18636 ||| Stepping randomly (stuck).
 18637 | D:14     | 18637 ||| Stepping randomly (stuck).
 18638 | D:14     | 18638 ||| Stepping randomly (stuck).
 18639 | D:14     | 18639 ||| Stepping randomly (stuck).
 18640 | D:14     | 18640 ||| Stepping randomly (stuck).
 18641 | D:14     | 18641 ||| Stepping randomly (stuck).
 18642 | D:14     | 18642 ||| Stepping randomly (stuck).
 18643 | D:14     | 18643 ||| Stepping randomly (stuck).
 18644 | D:14     | 18644 ||| Stepping randomly (stuck).
 18645 | D:14     | 18645 ||| Stepping randomly (stuck).
 18646 | D:14     | 18646 ||| Stepping randomly (stuck).
 18647 | D:14     | 18647 ||| Stepping randomly (stuck).
 18648 | D:14     | 18648 ||| Stepping randomly (stuck).
 18649 | D:14     | 18649 ||| Stepping randomly (stuck).
 18650 | D:14     | 18650 ||| Stepping randomly (stuck).
 18651 | D:14     | 18651 ||| Stepping randomly (stuck).
 18652 | D:14     | 18652 ||| Stepping randomly (stuck).
 18653 | D:14     | 18653 ||| Stepping randomly (stuck).
 18654 | D:14     | 18654 ||| Stepping randomly (stuck).
 18655 | D:14     | 18655 ||| Stepping randomly (stuck).
 18656 | D:14     | 18656 ||| Stepping randomly (stuck).
 18657 | D:14     | 18657 ||| Stepping randomly (stuck).
 18658 | D:14     | 18658 ||| Stepping randomly (stuck).
 18659 | D:14     | 18659 ||| Stepping randomly (stuck).
 18660 | D:14     | 18660 ||| Stepping randomly (stuck).
 18661 | D:14     | 18661 ||| Stepping randomly (stuck).
 18662 | D:14     | 18662 ||| Stepping randomly (stuck).
 18663 | D:14     | 18663 ||| Stepping randomly (stuck).
 18664 | D:14     | 18664 ||| Stepping randomly (stuck).
 18665 | D:14     | 18665 ||| Stepping randomly (stuck).
 18666 | D:14     | 18666 ||| Stepping randomly (stuck).
 18667 | D:14     | 18667 ||| Stepping randomly (stuck).
 18668 | D:14     | 18668 ||| Stepping randomly (stuck).
 18669 | D:14     | 18669 ||| Stepping randomly (stuck).
 18670 | D:14     | 18670 ||| Stepping randomly (stuck).
 18671 | D:14     | 18671 ||| Stepping randomly (stuck).
 18672 | D:14     | 18672 ||| Stepping randomly (stuck).
 18673 | D:14     | 18673 ||| Stepping randomly (stuck).
 18674 | D:14     | 18674 ||| Stepping randomly (stuck).
 18675 | D:14     | 18675 ||| Stepping randomly (stuck).
 18676 | D:14     | 18676 ||| Stepping randomly (stuck).
 18677 | D:14     | 18677 ||| Stepping randomly (stuck).
 18678 | D:14     | 18678 ||| Stepping randomly (stuck).
 18679 | D:14     | 18679 ||| Stepping randomly (stuck).
 18680 | D:14     | 18680 ||| Stepping randomly (stuck).
 18682 | D:14     | 18682 ||| Stepping randomly (stuck).
 18683 | D:14     | 18683 ||| Stepping randomly (stuck).
 18684 | D:14     | 18684 ||| Stepping randomly (stuck).
 18685 | D:14     | 18685 ||| Stepping randomly (stuck).
 18686 | D:14     | 18686 ||| Stepping randomly (stuck).
 18687 | D:14     | 18687 ||| Stepping randomly (stuck).
 18688 | D:14     | 18688 ||| Stepping randomly (stuck).
 18689 | D:14     | 18689 ||| Stepping randomly (stuck).
 18690 | D:14     | 18690 ||| Stepping randomly (stuck).
 18691 | D:14     | 18691 ||| Stepping randomly (stuck).
 18692 | D:14     | 18692 ||| Stepping randomly (stuck).
 18693 | D:14     | 18693 ||| Stepping randomly (stuck).
 18694 | D:14     | 18694 ||| Stepping randomly (stuck).
 18695 | D:14     | 18695 ||| Stepping randomly (stuck).
 18696 | D:14     | 18696 ||| Stepping randomly (stuck).
 18697 | D:14     | 18697 ||| Stepping randomly (stuck).
 18698 | D:14     | 18698 ||| Stepping randomly (stuck).
 18699 | D:14     | 18699 ||| Stepping randomly (stuck).
 18700 | D:14     | 18700 ||| Stepping randomly (stuck).
 18701 | D:14     | 18701 ||| Stepping randomly (stuck).
 18702 | D:14     | 18702 ||| Stepping randomly (stuck).
 18703 | D:14     | 18703 ||| Stepping randomly (stuck).
 18704 | D:14     | 18704 ||| Stepping randomly (stuck).
 18705 | D:14     | 18705 ||| Stepping randomly (stuck).
 18706 | D:14     | 18706 ||| Stepping randomly (stuck).
 18707 | D:14     | 18707 ||| Stepping randomly (stuck).
 18708 | D:14     | 18708 ||| Stepping randomly (stuck).
 18709 | D:14     | 18709 ||| Stepping randomly (stuck).
 18710 | D:14     | 18710 ||| Stepping randomly (stuck).
 18711 | D:14     | 18711 ||| Stepping randomly (stuck).
 18712 | D:14     | 18712 ||| Stepping randomly (stuck).
 18713 | D:14     | 18713 ||| Stepping randomly (stuck).
 18714 | D:14     | 18714 ||| Stepping randomly (stuck).
 18715 | D:14     | 18715 ||| Stepping randomly (stuck).
 18716 | D:14     | 18716 ||| Stepping randomly (stuck).
 18717 | D:14     | 18717 ||| Stepping randomly (stuck).
 18718 | D:14     | 18718 ||| Stepping randomly (stuck).
 18719 | D:14     | 18719 ||| Stepping randomly (stuck).
 18720 | D:14     | 18720 ||| Stepping randomly (stuck).
 18721 | D:14     | 18721 ||| Stepping randomly (stuck).
 18722 | D:14     | 18722 ||| Stepping randomly (stuck).
 18723 | D:14     | 18723 ||| Stepping randomly (stuck).
 18724 | D:14     | 18724 ||| Stepping randomly (stuck).
 18725 | D:14     | 18725 ||| Stepping randomly (stuck).
 18726 | D:14     | 18726 ||| Stepping randomly (stuck).
 18727 | D:14     | 18727 ||| Stepping randomly (stuck).
 18729 | D:14     | 18729 ||| Stepping randomly (stuck).
 18730 | D:14     | 18730 ||| Stepping randomly (stuck).
 18731 | D:14     | 18731 ||| Stepping randomly (stuck).
 18732 | D:14     | 18732 ||| Stepping randomly (stuck).
 18733 | D:14     | 18733 ||| Stepping randomly (stuck).
 18734 | D:14     | 18734 ||| Stepping randomly (stuck).
 18735 | D:14     | 18735 ||| Stepping randomly (stuck).
 18736 | D:14     | 18736 ||| Stepping randomly (stuck).
 18737 | D:14     | 18737 ||| Stepping randomly (stuck).
 18738 | D:14     | 18738 ||| Stepping randomly (stuck).
 18739 | D:14     | 18739 ||| Stepping randomly (stuck).
 18740 | D:14     | 18740 ||| Stepping randomly (stuck).
 18741 | D:14     | 18741 ||| Stepping randomly (stuck).
 18742 | D:14     | 18742 ||| Stepping randomly (stuck).
 18743 | D:14     | 18743 ||| Stepping randomly (stuck).
 18744 | D:14     | 18744 ||| Stepping randomly (stuck).
 18745 | D:14     | 18745 ||| Stepping randomly (stuck).
 18746 | D:14     | 18746 ||| Stepping randomly (stuck).
 18747 | D:14     | 18747 ||| Stepping randomly (stuck).
 18748 | D:14     | 18748 ||| Stepping randomly (stuck).
 18749 | D:14     | 18749 ||| Stepping randomly (stuck).
 18750 | D:14     | 18750 ||| Stepping randomly (stuck).
 18751 | D:14     | 18751 ||| Stepping randomly (stuck).
 18752 | D:14     | 18752 ||| Stepping randomly (stuck).
 18753 | D:14     | 18753 ||| Stepping randomly (stuck).
 18754 | D:14     | 18754 ||| Stepping randomly (stuck).
 18755 | D:14     | 18755 ||| Stepping randomly (stuck).
 18756 | D:14     | 18756 ||| Stepping randomly (stuck).
 18757 | D:14     | 18757 ||| Stepping randomly (stuck).
 18758 | D:14     | 18758 ||| Stepping randomly (stuck).
 18759 | D:14     | 18759 ||| Stepping randomly (stuck).
 18760 | D:14     | 18760 ||| Stepping randomly (stuck).
 18761 | D:14     | 18761 ||| Stepping randomly (stuck).
 18762 | D:14     | 18762 ||| Stepping randomly (stuck).
 18763 | D:14     | 18763 ||| Stepping randomly (stuck).
 18764 | D:14     | 18764 ||| Stepping randomly (stuck).
 18765 | D:14     | 18765 ||| Stepping randomly (stuck).
 18766 | D:14     | 18766 ||| Stepping randomly (stuck).
 18767 | D:14     | 18767 ||| Stepping randomly (stuck).
 18768 | D:14     | 18768 ||| Stepping randomly (stuck).
 18769 | D:14     | 18769 ||| Stepping randomly (stuck).
 18770 | D:14     | 18770 ||| Stepping randomly (stuck).
 18771 | D:14     | 18771 ||| Stepping randomly (stuck).
 18772 | D:14     | 18772 ||| Stepping randomly (stuck).
 18773 | D:14     | 18773 ||| Stepping randomly (stuck).
 18774 | D:14     | 18774 ||| Stepping randomly (stuck).
 18775 | D:14     | 18775 ||| Stepping randomly (stuck).
 18776 | D:14     | 18776 ||| Stepping randomly (stuck).
 18777 | D:14     | 18777 ||| Stepping randomly (stuck).
 18778 | D:14     | 18778 ||| Stepping randomly (stuck).
 18779 | D:14     | 18779 ||| Stepping randomly (stuck).
 18780 | D:14     | 18780 ||| Stepping randomly (stuck).
 18781 | D:14     | 18781 ||| Stepping randomly (stuck).
 18782 | D:14     | 18782 ||| Stepping randomly (stuck).
 18783 | D:14     | 18783 ||| Stepping randomly (stuck).
 18784 | D:14     | 18784 ||| Stepping randomly (stuck).
 18785 | D:14     | 18785 ||| Stepping randomly (stuck).
 18786 | D:14     | 18786 ||| Stepping randomly (stuck).
 18787 | D:14     | 18787 ||| Stepping randomly (stuck).
 18788 | D:14     | 18788 ||| Stepping randomly (stuck).
 18789 | D:14     | 18789 ||| Stepping randomly (stuck).
 18790 | D:14     | 18790 ||| Stepping randomly (stuck).
 18791 | D:14     | 18791 ||| Stepping randomly (stuck).
 18792 | D:14     | 18792 ||| Stepping randomly (stuck).
 18793 | D:14     | 18793 ||| Stepping randomly (stuck).
 18794 | D:14     | 18794 ||| Stepping randomly (stuck).
 18795 | D:14     | 18795 ||| Stepping randomly (stuck).
 18796 | D:14     | 18796 ||| Stepping randomly (stuck).
 18797 | D:14     | 18797 ||| Stepping randomly (stuck).
 18798 | D:14     | 18798 ||| Stepping randomly (stuck).
 18799 | D:14     | 18799 ||| Stepping randomly (stuck).
 18800 | D:14     | 18800 ||| Stepping randomly (stuck).
 18801 | D:14     | 18801 ||| Stepping randomly (stuck).
 18802 | D:14     | 18802 ||| Stepping randomly (stuck).
 18803 | D:14     | 18803 ||| Stepping randomly (stuck).
 18804 | D:14     | 18804 ||| Stepping randomly (stuck).
 18805 | D:14     | 18805 ||| Stepping randomly (stuck).
 18806 | D:14     | 18806 ||| Stepping randomly (stuck).
 18807 | D:14     | 18807 ||| Stepping randomly (stuck).
 18808 | D:14     | 18808 ||| Stepping randomly (stuck).
 18809 | D:14     | 18809 ||| Stepping randomly (stuck).
 18810 | D:14     | 18810 ||| Stepping randomly (stuck).
 18811 | D:14     | 18811 ||| Stepping randomly (stuck).
 18812 | D:14     | 18812 ||| Stepping randomly (stuck).
 18813 | D:14     | 18813 ||| Stepping randomly (stuck).
 18814 | D:14     | 18814 ||| Stepping randomly (stuck).
 18815 | D:14     | 18815 ||| Stepping randomly (stuck).
 18816 | D:14     | 18816 ||| Stepping randomly (stuck).
 18817 | D:14     | 18817 ||| Stepping randomly (stuck).
 18818 | D:14     | 18818 ||| Stepping randomly (stuck).
 18819 | D:14     | 18819 ||| Stepping randomly (stuck).
 18820 | D:14     | 18820 ||| Stepping randomly (stuck).
 18821 | D:14     | 18821 ||| Stepping randomly (stuck).
 18822 | D:14     | 18822 ||| Stepping randomly (stuck).
 18823 | D:14     | 18823 ||| Stepping randomly (stuck).
 18824 | D:14     | 18824 ||| Stepping randomly (stuck).
 18825 | D:14     | 18825 ||| Stepping randomly (stuck).
 18826 | D:14     | 18826 ||| Stepping randomly (stuck).
 18827 | D:14     | 18827 ||| Stepping randomly (stuck).
 18828 | D:14     | 18828 ||| Stepping randomly (stuck).
 18829 | D:14     | 18829 ||| Stepping randomly (stuck).
 18830 | D:14     | 18830 ||| Stepping randomly (stuck).
 18831 | D:14     | 18831 ||| Stepping randomly (stuck).
 18833 | D:14     | 18833 ||| READING scroll of teleportation.
 18844 | D:14     | Paralysed by a floating eye for 4 turns
 18857 | D:14     | 18857 ||| INVOKING Heroism.
 18869 | D:14     | 18869 ||| RIP GAUNTLET
 18869 | D:14     | 18869 ||| PLANNING D
 18882 | D:14     | 18882 ||| Stepping ~*~*~tactically~*~*~ (hiding).
 18883 | D:14     | 18883 ||| Stepping ~*~*~tactically~*~*~ (hiding).
 18887 | D:14     | HP: 24/98 [meliai/divine providence (11)]
 18888 | D:14     | 18888 ||| DRINKING 5 potions of heal wounds.
 18893 | D:14     | 18893 ||| Stepping ~*~*~tactically~*~*~ (stealth).
 18908 | D:14     | 18908 ||| Stepping ~*~*~tactically~*~*~ (stealth).
 18909 | D:14     | 18909 ||| INVOKING Heroism.
 19082 | D:14     | 19082 ||| Stepping ~*~*~tactically~*~*~ (hiding).
 19096 | D:14     | 19096 ||| Stepping ~*~*~tactically~*~*~ (stealth).
 19097 | D:14     | 19097 ||| Stepping ~*~*~tactically~*~*~ (stealth).
 19122 | D:14     | 19122 ||| Stepping ~*~*~tactically~*~*~ (hiding).
 19151 | D:14     | 19151 ||| Stepping ~*~*~tactically~*~*~ (stealth).
 19168 | D:14     | 19168 ||| INVOKING Heroism.
 19169 | D:14     | 19169 ||| INVOKING Finesse.
 19176 | D:14     | 19176 ||| SWAPPING to +0 morningstar.
 19185 | D:14     | 19185 ||| SWAPPING to +7 heavy broad axe.
 19247 | D:14     | 19247 ||| Stepping ~*~*~tactically~*~*~ (stealth).
 19284 | D:14     | 19284 ||| INVOKING Heroism.
 19287 | D:14     | 19287 ||| SWAPPING to +0 morningstar.
 19307 | D:14     | 19307 ||| SWAPPING to +7 heavy broad axe.
 19310 | D:14     | Received a gift from Okawaru
 19396 | D:14     | 19396 ||| Stepping ~*~*~tactically~*~*~ (hiding).
 19398 | D:14     | 19398 ||| Invisibility monster not found???
 19403 | D:14     | 19403 ||| INVOKING Heroism.
 19502 | D:14     | Identified the +6 short sword "Iveom" {antimagic, rCorr
                  | Dex+2 Stlth-}
 19518 | D:14     | You are sucked into a shaft and drop 1 floor!
 19518 | D:15     | Entered Level 15 of the Dungeon
 19590 | D:14     | 19590 ||| Stepping ~*~*~tactically~*~*~ (stealth).
 19591 | D:14     | 19591 ||| Stepping ~*~*~tactically~*~*~ (stealth).
 19600 | D:14     | 19600 ||| Stepping ~*~*~tactically~*~*~ (hiding).
 19602 | D:14     | 19602 ||| Stepping ~*~*~tactically~*~*~ (hiding).
 19704 | D:14     | 19704 ||| INVOKING Heroism.
 19715 | D:14     | Reached skill level 3 in Throwing
 19858 | D:14     | Noticed an azure jelly
 19864 | D:14     | Killed an azure jelly
 20075 | D:14     | 20075 ||| READING scroll of enchant weapon.
 20075 | D:14     | 20075 ||| ENCHANTING +7 heavy broad axe.
 20125 | D:14     | Found a gate to the Vaults.
 20465 | D:14     | 20465 ||| READING 13 scrolls of identify.
 20465 | D:14     | 20465 ||| IDENTIFYING lumpy green potion
 20466 | D:14     | 20466 ||| DROPPING potion of ambrosia.
 20489 | D:15     | 20489 ||| Stepping ~*~*~tactically~*~*~ (stealth).
 20490 | D:15     | 20490 ||| Stepping ~*~*~tactically~*~*~ (stealth).
 20491 | D:15     | 20491 ||| Stepping ~*~*~tactically~*~*~ (stealth).
 20493 | D:15     | 20493 ||| Stepping ~*~*~tactically~*~*~ (stealth).
 20495 | D:15     | 20495 ||| INVOKING Heroism.
 20500 | D:15     | 20500 ||| SWAPPING to +0 morningstar.
 20505 | D:15     | 20505 ||| SWAPPING to +8 heavy broad axe.
 20636 | D:15     | Reached skill level 18 in Axes
 20639 | D:15     | 20639 ||| INVOKING Heroism.
 20850 | D:15     | Found Oguilyog's Blood Bar.
 21065 | D:15     | 21065 ||| INVOKING Heroism.
 21166 | D:15     | Found a staircase to the Depths.
 21167 | D:15     | 21167 ||| INVOKING Heroism.
 21172 | D:15     | 21172 ||| Stepping ~*~*~tactically~*~*~ (hiding).
 21173 | D:15     | 21173 ||| Stepping ~*~*~tactically~*~*~ (hiding).
 21181 | D:15     | Reached XP level 16. HP: 95/104 MP: 23/23
 21255 | D:15     | Found a broken altar of Ashenzari.
 21366 | D:15     | 21366 ||| PLANNING ORC
 21501 | Orc:1    | Entered Level 1 of the Orcish Mines
 21502 | Orc:1    | 21502 ||| INVOKING Heroism.
 21618 | Orc:1    | 21618 ||| Stepping ~*~*~tactically~*~*~ (hiding).
 21620 | Orc:1    | 21620 ||| Stepping ~*~*~tactically~*~*~ (hiding).
 21621 | Orc:1    | 21621 ||| Stepping ~*~*~tactically~*~*~ (hiding).
 21622 | Orc:1    | 21622 ||| Stepping ~*~*~tactically~*~*~ (hiding).
 21674 | Orc:1    | 21674 ||| Stepping ~*~*~tactically~*~*~ (stealth).
 21708 | Orc:1    | 21708 ||| Stepping ~*~*~tactically~*~*~ (hiding).
 21709 | Orc:1    | 21709 ||| Stepping ~*~*~tactically~*~*~ (hiding).
 21710 | Orc:1    | 21710 ||| Stepping ~*~*~tactically~*~*~ (hiding).
 21711 | Orc:1    | 21711 ||| Stepping ~*~*~tactically~*~*~ (hiding).
 21894 | Orc:2    | Entered Level 2 of the Orcish Mines
 21894 | Orc:2    | Noticed Urug
 21895 | Orc:2    | 21895 ||| INVOKING Heroism.
 21909 | Orc:2    | 21909 ||| STAIRDANCE
 22072 | Orc:2    | 22072 ||| INVOKING Heroism.
 22076 | Orc:2    | Reached skill level 9 in Shields
 22081 | Orc:2    | Killed Urug
 22316 | Orc:2    | Found a staircase to the Elven Halls.
 22325 | Orc:2    | 22325 ||| Stepping ~*~*~tactically~*~*~ (stealth).
 22331 | Orc:2    | 22331 ||| Stepping ~*~*~tactically~*~*~ (hiding).
 22410 | Orc:2    | Reached skill level 6 in Throwing
 22414 | Orc:2    | Noticed Rupert
 22415 | Orc:2    | 22415 ||| Stepping ~*~*~tactically~*~*~ (stealth).
 22417 | Orc:2    | 22417 ||| INVOKING Heroism.
 22427 | Orc:2    | Killed Rupert
 22813 | Orc:2    | 22813 ||| INVOKING Heroism.
 22814 | Orc:2    | 22814 ||| Stepping ~*~*~tactically~*~*~ (stealth).
 22815 | Orc:2    | 22815 ||| Stepping ~*~*~tactically~*~*~ (stealth).
 22891 | Orc:2    | 22891 ||| INVOKING Heroism.
 22894 | Orc:2    | Received a gift from Okawaru
 22929 | Orc:2    | Found Koucra's Armour Boutique.
 22948 | Orc:2    | 22948 ||| Stepping ~*~*~tactically~*~*~ (stealth).
 22949 | Orc:2    | 22949 ||| INVOKING Heroism.
 22968 | Orc:2    | Received a gift from Okawaru
 23103 | Orc:2    | Found Fyingi's Jewellery Shoppe.
 23105 | Orc:2    | Found Izyq Zoe's Weapon Shoppe.
 23118 | Orc:2    | 23118 ||| BUYING +6 ring of strength (396 gold).
 23118 | Orc:2    | Bought a +6 ring of strength for 396 gold pieces
 23118 | Orc:2    | 23118 ||| BUYING ring of protection from fire (275 gold).
 23118 | Orc:2    | Bought a ring of protection from fire for 275 gold pieces
 23118 | Orc:2    | 23118 ||| BUYING ring of see invisible (165 gold).
 23118 | Orc:2    | Bought a ring of see invisible for 165 gold pieces
 23118 | Orc:2    | 23118 ||| BUYING ring of see invisible (165 gold).
 23118 | Orc:2    | Bought a ring of see invisible for 165 gold pieces
 23144 | Orc:2    | Found Fasm's Magic Scroll Shoppe.
 23145 | Orc:2    | 23145 ||| INVOKING Heroism.
 23158 | Orc:2    | 23158 ||| BUYING scroll of teleportation (45 gold).
 23158 | Orc:2    | Bought a scroll of teleportation for 45 gold pieces
 23192 | Orc:2    | 23192 ||| Stepping ~*~*~tactically~*~*~ (hiding).
 23364 | Orc:2    | 23364 ||| UPGRADING to +6 ring of strength.
 23366 | Orc:2    | 23366 ||| UPGRADING to ring of see invisible.
 23368 | Orc:2    | 23368 ||| UPGRADING to +6 ring of strength.
 23373 | Orc:1    | You are sucked into a shaft and drop 1 floor!
 23465 | Orc:1    | Found Merphow's Distillery.
 23475 | Orc:1    | 23475 ||| BUYING potion of haste (150 gold).
 23475 | Orc:1    | Bought a potion of haste for 150 gold pieces
 23475 | Orc:1    | 23475 ||| BUYING potion of heal wounds (75 gold).
 23475 | Orc:1    | Bought a potion of heal wounds for 75 gold pieces
 23475 | Orc:1    | 23475 ||| BUYING potion of lignification (45 gold).
 23475 | Orc:1    | Bought a potion of lignification for 45 gold pieces
 23475 | Orc:1    | 23475 ||| BUYING potion of resistance (150 gold).
 23475 | Orc:1    | Bought a potion of resistance for 150 gold pieces
 23649 | Orc:2    | 23649 ||| PLANNING SNAKE:1-3
 23811 | Snake:1  | Entered Level 1 of the Snake Pit
 23836 | Snake:1  | 23836 ||| Stepping ~*~*~tactically~*~*~ (hiding).
 23837 | Snake:1  | 23837 ||| Stepping ~*~*~tactically~*~*~ (hiding).
 23847 | Snake:1  | 23847 ||| Stepping ~*~*~tactically~*~*~ (hiding).
 23903 | Snake:1  | 23903 ||| Stepping ~*~*~tactically~*~*~ (hiding).
 23911 | Snake:1  | 23911 ||| Stepping ~*~*~tactically~*~*~ (hiding).
 23912 | Snake:1  | 23912 ||| Stepping ~*~*~tactically~*~*~ (hiding).
 23936 | Snake:1  | 23936 ||| Stepping ~*~*~tactically~*~*~ (stealth).
 23940 | Snake:1  | 23940 ||| Stepping ~*~*~tactically~*~*~ (stealth).
 23943 | Snake:1  | 23943 ||| Stepping ~*~*~tactically~*~*~ (stealth).
 23944 | Snake:1  | 23944 ||| Stepping ~*~*~tactically~*~*~ (stealth).
 23947 | Snake:1  | 23947 ||| Stepping ~*~*~tactically~*~*~ (hiding).
 23948 | Snake:1  | 23948 ||| Stepping ~*~*~tactically~*~*~ (hiding).
 24072 | Snake:1  | 24072 ||| Stepping ~*~*~tactically~*~*~ (hiding).
 24073 | Snake:1  | 24073 ||| Stepping ~*~*~tactically~*~*~ (hiding).
 24074 | Snake:1  | 24074 ||| Stepping ~*~*~tactically~*~*~ (hiding).
 24077 | Snake:1  | 24077 ||| Stepping ~*~*~tactically~*~*~ (hiding).
 24099 | Snake:1  | 24099 ||| Stepping ~*~*~tactically~*~*~ (hiding).
 24101 | Snake:1  | 24101 ||| INVOKING Heroism.
 24115 | Snake:1  | Found Belugixa's Magic Scroll Shop.
 24200 | Snake:1  | Found Tiodonwej's Distillery.
 24256 | Snake:1  | 24256 ||| BUYING potion of attraction (36 gold).
 24256 | Snake:1  | Bought a potion of attraction for 36 gold pieces
 24256 | Snake:1  | 24256 ||| BUYING potion of attraction (36 gold).
 24256 | Snake:1  | Bought a potion of attraction for 36 gold pieces
 24256 | Snake:1  | 24256 ||| BUYING potion of curing (36 gold).
 24256 | Snake:1  | Bought a potion of curing for 36 gold pieces
 24256 | Snake:1  | 24256 ||| BUYING potion of experience (600 gold).
 24256 | Snake:1  | Bought a potion of experience for 600 gold pieces
 24256 | Snake:1  | 24256 ||| DRINKING potion of experience.
 24256 | Snake:1  | Reached skill level 14 in Fighting
 24256 | Snake:1  | Reached XP level 17. HP: 112/112 MP: 24/24
 24391 | Snake:1  | Found a runed translucent gate.
 24392 | Snake:1  | Found a runed translucent gate.
 24392 | Snake:1  | Found a runed translucent gate.
 24399 | Snake:1  | Noticed Soawkar's ghost (adept GrFi)
 24417 | Snake:1  | 24417 ||| Stepping ~*~*~tactically~*~*~ (hiding).
 24419 | Snake:1  | 24419 ||| Stepping ~*~*~tactically~*~*~ (hiding).
 24467 | Snake:1  | Found Nungukoru's Armour Emporium.
 24476 | Snake:1  | 24476 ||| BUYING +1 buckler of resistance (511 gold).
 24476 | Snake:1  | Bought a +1 buckler of resistance for 511 gold pieces
 24649 | Snake:1  | Received a gift from Okawaru
 24823 | Snake:1  | 24823 ||| DROPPING +0 buckler of reflection.
 24824 | Snake:1  | 24824 ||| UPGRADING to +0 kite shield.
 24834 | Snake:1  | 24834 ||| DROPPING +0 buckler.
 24969 | Snake:2  | 24969 ||| Stepping ~*~*~tactically~*~*~ (hiding).
 24971 | Snake:2  | 24971 ||| Stepping ~*~*~tactically~*~*~ (hiding).
 24975 | Snake:2  | 24975 ||| Stepping ~*~*~tactically~*~*~ (hiding).
 24980 | Snake:2  | 24980 ||| Stepping ~*~*~tactically~*~*~ (hiding).
 24982 | Snake:2  | 24982 ||| INVOKING Heroism.
 25167 | Snake:2  | 25167 ||| Stepping ~*~*~tactically~*~*~ (hiding).
 25168 | Snake:2  | 25168 ||| Stepping ~*~*~tactically~*~*~ (hiding).
 25170 | Snake:2  | 25170 ||| Stepping ~*~*~tactically~*~*~ (hiding).
 25174 | Snake:2  | 25174 ||| INVOKING Heroism.
 25287 | Snake:2  | 25287 ||| INVOKING Heroism.
 25533 | Snake:2  | Found Runn's Armour Shoppe.
 25552 | Snake:2  | Found a transporter.
 25558 | Snake:2  | Found a transporter.
 25564 | Snake:2  | Found a transporter.
 25569 | Snake:2  | Found a transporter.
 25648 | Snake:1  | 25648 ||| BUYING scroll of acquirement (988 gold).
 25648 | Snake:1  | Bought a scroll of acquirement for 988 gold pieces
 25648 | Snake:1  | 25648 ||| SHOPLISTING scroll of acquirement (988 gold, have
                  | 586).
 25648 | Snake:1  | 25648 ||| BUYING scroll of brand weapon (180 gold).
 25648 | Snake:1  | Bought a scroll of brand weapon for 180 gold pieces
 25648 | Snake:1  | 25648 ||| READING scroll of acquirement.
 25648 | Snake:1  | 25648 ||| ACQUIRING +3 pair of mountain boots {steadfast,
                  | rC+}
 25648 | Snake:1  | Acquired the +3 pair of mountain boots {steadfast, rC+}
 25648 | Snake:1  | Found the +3 pair of mountain boots {steadfast, rC+}
 25650 | Snake:1  | 25650 ||| UPGRADING to +3 pair of mountain boots
                  | {steadfast, rC+}.
 25660 | Snake:1  | 25660 ||| DROPPING +0 pair of boots.
 25661 | Snake:1  | 25661 ||| READING scroll of brand weapon.
 25661 | Snake:1  | 25661 ||| BRANDING +8 heavy broad axe.
 25940 | Snake:2  | 25940 ||| Stepping ~*~*~tactically~*~*~ (hiding).
 26048 | Snake:2  | Found a transporter.
 26054 | Snake:2  | Found a transporter.
 26235 | Snake:3  | 26235 ||| Stepping ~*~*~tactically~*~*~ (hiding).
 26238 | Snake:3  | 26238 ||| INVOKING Heroism.
 26298 | Snake:3  | 26298 ||| Stepping ~*~*~tactically~*~*~ (hiding).
 26313 | Snake:3  | Reached skill level 12 in Shields
 26320 | Snake:3  | 26320 ||| INVOKING Heroism.
 26425 | Snake:3  | 26425 ||| Stepping ~*~*~tactically~*~*~ (hiding).
 26428 | Snake:3  | 26428 ||| INVOKING Heroism.
 26458 | Snake:3  | 26458 ||| Stepping ~*~*~tactically~*~*~ (hiding).
 26460 | Snake:3  | 26460 ||| Stepping ~*~*~tactically~*~*~ (hiding).
 26461 | Snake:3  | 26461 ||| Stepping ~*~*~tactically~*~*~ (hiding).
 26487 | Snake:3  | 26487 ||| Stepping ~*~*~tactically~*~*~ (stealth).
 26489 | Snake:3  | 26489 ||| Stepping ~*~*~tactically~*~*~ (hiding).
 26492 | Snake:3  | 26492 ||| Stepping ~*~*~tactically~*~*~ (hiding).
 26497 | Snake:3  | 26497 ||| INVOKING Heroism.
 26629 | Snake:3  | Reached XP level 18. HP: 118/118 MP: 25/25
 26637 | Snake:3  | Received a gift from Okawaru
 26650 | Snake:3  | 26650 ||| DROPPING +0 morningstar.
 26829 | Snake:3  | 26829 ||| INVOKING Heroism.
 26832 | Snake:3  | 26832 ||| Stepping ~*~*~tactically~*~*~ (hiding).
 26837 | Snake:3  | 26837 ||| Stepping ~*~*~tactically~*~*~ (hiding).
 26841 | Snake:3  | 26841 ||| Stepping ~*~*~tactically~*~*~ (hiding).
 26854 | Snake:3  | 26854 ||| Stepping ~*~*~tactically~*~*~ (hiding).
 26857 | Snake:3  | 26857 ||| Stepping ~*~*~tactically~*~*~ (hiding).
 26863 | Snake:3  | Received a gift from Okawaru
 26915 | Snake:3  | 26915 ||| Stepping ~*~*~tactically~*~*~ (stealth).
 26985 | Snake:3  | 26985 ||| Stepping ~*~*~tactically~*~*~ (stealth).
 27137 | Snake:3  | 27137 ||| INVOKING Heroism.
 27139 | Snake:3  | 27139 ||| Stepping ~*~*~tactically~*~*~ (hiding).
 27140 | Snake:3  | 27140 ||| Stepping ~*~*~tactically~*~*~ (hiding).
 27141 | Snake:3  | 27141 ||| Stepping ~*~*~tactically~*~*~ (hiding).
 27294 | Snake:3  | 27294 ||| Stepping ~*~*~tactically~*~*~ (hiding).
 27450 | Snake:3  | 27450 ||| Stepping ~*~*~tactically~*~*~ (stealth).
 27453 | Snake:3  | 27453 ||| Stepping ~*~*~tactically~*~*~ (hiding).
 27455 | Snake:3  | 27455 ||| INVOKING Heroism.
 27457 | Snake:3  | 27457 ||| Stepping ~*~*~tactically~*~*~ (hiding).
 27634 | Snake:3  | 27634 ||| Stepping ~*~*~tactically~*~*~ (hiding).
 27806 | Snake:3  | 27806 ||| PLANNING SWAMP:1-3
 27806 | Snake:3  | 27806 ||| DROPPING amulet of regeneration.
 27999 | Swamp:1  | Entered Level 1 of the Swamp
 28007 | Swamp:1  | 28007 ||| Stepping ~*~*~tactically~*~*~ (stealth).
 28009 | Swamp:1  | 28009 ||| Stepping ~*~*~tactically~*~*~ (stealth).
 28010 | Swamp:1  | 28010 ||| INVOKING Heroism.
 28014 | Swamp:1  | 28014 ||| Stepping ~*~*~tactically~*~*~ (hiding).
 28022 | Swamp:1  | 28022 ||| Stepping ~*~*~tactically~*~*~ (cloud).
 28040 | Swamp:1  | 28040 ||| Stepping ~*~*~tactically~*~*~ (stealth).
 28067 | Swamp:1  | 28067 ||| Stepping ~*~*~tactically~*~*~ (stealth).
 28082 | Swamp:1  | 28082 ||| INVOKING Heroism.
 28091 | Swamp:1  | 28091 ||| Stepping ~*~*~tactically~*~*~ (hiding).
 28097 | Swamp:1  | 28097 ||| Stepping ~*~*~tactically~*~*~ (cloud).
 28193 | Swamp:1  | 28193 ||| Stepping ~*~*~tactically~*~*~ (stealth).
 28250 | Swamp:1  | Noticed Aizul
 28252 | Swamp:1  | 28252 ||| Stepping ~*~*~tactically~*~*~ (hiding).
 28253 | Swamp:1  | 28253 ||| INVOKING Heroism.
 28260 | Swamp:1  | Killed Aizul
 28379 | Swamp:1  | 28379 ||| READING scroll of enchant armour.
 28379 | Swamp:1  | 28379 ||| ENCHANTING +1 helmet.
 28656 | Swamp:2  | 28656 ||| INVOKING Heroism.
 28680 | Swamp:2  | 28680 ||| Stepping ~*~*~tactically~*~*~ (stealth).
 28699 | Swamp:2  | 28699 ||| Stepping ~*~*~tactically~*~*~ (stealth).
 28730 | Swamp:2  | 28730 ||| Stepping ~*~*~tactically~*~*~ (stealth).
 28738 | Swamp:2  | Reached skill level 15 in Fighting
 28742 | Swamp:2  | Received a gift from Okawaru
 28877 | Swamp:2  | 28877 ||| Stepping ~*~*~tactically~*~*~ (stealth).
 28879 | Swamp:2  | 28879 ||| INVOKING Heroism.
 28917 | Swamp:2  | 28917 ||| Stepping ~*~*~tactically~*~*~ (stealth).
 28919 | Swamp:2  | 28919 ||| Stepping ~*~*~tactically~*~*~ (stealth).
 28920 | Swamp:2  | 28920 ||| Stepping ~*~*~tactically~*~*~ (stealth).
 28921 | Swamp:2  | 28921 ||| INVOKING Heroism.
 29127 | Swamp:2  | 29127 ||| Stepping ~*~*~tactically~*~*~ (hiding).
 29135 | Swamp:2  | 29135 ||| Stepping ~*~*~tactically~*~*~ (stealth).
 29136 | Swamp:2  | 29136 ||| Stepping ~*~*~tactically~*~*~ (stealth).
 29378 | Swamp:2  | 29378 ||| DROPPING +2 pair of boots.
 29389 | Swamp:3  | 29389 ||| Stepping ~*~*~tactically~*~*~ (hiding).
 29404 | Swamp:3  | Noticed Mlioglotl
 29405 | Swamp:3  | 29405 ||| INVOKING Heroism.
 29408 | Swamp:3  | Noticed a bone dragon
 29414 | Swamp:3  | Killed Mlioglotl
 29514 | Swamp:3  | 29514 ||| Stepping ~*~*~tactically~*~*~ (hiding).
 29554 | Swamp:3  | Noticed a tentacled monstrosity
 29555 | Swamp:3  | 29555 ||| INVOKING Heroism.
 29561 | Swamp:3  | Killed a tentacled monstrosity
 29586 | Swamp:3  | 29586 ||| INVOKING Heroism.
 29677 | Swamp:3  | 29677 ||| READING scroll of enchant armour.
 29677 | Swamp:3  | 29677 ||| ENCHANTING +2 plate armour of willpower.
 29734 | Swamp:3  | 29734 ||| Stepping ~*~*~tactically~*~*~ (hiding).
 30055 | Swamp:3  | 30055 ||| INVOKING Heroism.
 30229 | Swamp:3  | 30229 ||| PLANNING SNAKE:4
 30470 | Snake:4  | Entered Level 4 of the Snake Pit
 30479 | Snake:4  | 30479 ||| Stepping ~*~*~tactically~*~*~ (hiding).
 30481 | Snake:4  | 30481 ||| Stepping ~*~*~tactically~*~*~ (hiding).
 30482 | Snake:4  | 30482 ||| Stepping ~*~*~tactically~*~*~ (hiding).
 30496 | Snake:4  | 30496 ||| INVOKING Heroism.
 30505 | Snake:4  | Received a gift from Okawaru
 30672 | Snake:4  | Found Kaotz's Antique Armour Shop.
 30680 | Snake:4  | 30680 ||| BUYING glowing chain mail (240 gold).
 30680 | Snake:4  | Bought a glowing chain mail for 240 gold pieces
 30680 | Snake:4  | 30680 ||| BUYING pair of embroidered boots (240 gold).
 30680 | Snake:4  | Bought a pair of embroidered boots for 240 gold pieces
 30702 | Snake:4  | 30702 ||| INVOKING Heroism.
 30706 | Snake:4  | Received a gift from Okawaru
 30796 | Snake:4  | 30796 ||| Stepping ~*~*~tactically~*~*~ (hiding).
 30805 | Snake:4  | Reached skill level 9 in Throwing
 30919 | Snake:4  | Received a gift from Okawaru
 30920 | Snake:4  | Reached skill level 15 in Shields
 30922 | Snake:4  | 30922 ||| Stepping ~*~*~tactically~*~*~ (hiding).
 30929 | Snake:4  | 30929 ||| INVOKING Heroism.
 30931 | Snake:4  | 30931 ||| Stepping ~*~*~tactically~*~*~ (hiding).
 30932 | Snake:4  | 30932 ||| Stepping ~*~*~tactically~*~*~ (hiding).
 30940 | Snake:4  | HP: 20/119 [salamander tyrant (30)]
 30941 | Snake:4  | 30941 ||| READING 4 scrolls of teleportation.
 30942 | Snake:4  | 30942 ||| DRINKING 8 potions of heal wounds.
 31232 | Snake:4  | Noticed Louise
 31242 | Snake:4  | Killed Louise
 31283 | Snake:4  | 31283 ||| READING scroll of acquirement.
 31283 | Snake:4  | 31283 ||| ACQUIRING 1326 gold pieces
 31283 | Snake:4  | Acquired 1326 gold pieces
 31306 | Snake:4  | 31306 ||| Stepping ~*~*~tactically~*~*~ (hiding).
 31307 | Snake:4  | 31307 ||| INVOKING Heroism.
 31308 | Snake:4  | 31308 ||| Stepping ~*~*~tactically~*~*~ (hiding).
 31308 | Snake:4  | Found Jonir's Antique Weapon Shop.
 31321 | Snake:4  | Reached XP level 19. HP: 123/125 MP: 26/26
 31459 | Snake:4  | 31459 ||| INVOKING Heroism.
 31480 | Snake:4  | Reached skill level 16 in Fighting
 31596 | Snake:4  | 31596 ||| Stepping ~*~*~tactically~*~*~ (stealth).
 31597 | Snake:4  | 31597 ||| Stepping ~*~*~tactically~*~*~ (stealth).
 31598 | Snake:4  | 31598 ||| Stepping ~*~*~tactically~*~*~ (hiding).
 31609 | Snake:4  | 31609 ||| Stepping ~*~*~tactically~*~*~ (hiding).
 31614 | Snake:4  | 31614 ||| INVOKING Heroism.
 31616 | Snake:4  | 31616 ||| Stepping ~*~*~tactically~*~*~ (hiding).
 31617 | Snake:4  | 31617 ||| Stepping ~*~*~tactically~*~*~ (hiding).
 31666 | Snake:4  | 31666 ||| Stepping ~*~*~tactically~*~*~ (stealth).
 31667 | Snake:4  | 31667 ||| Stepping ~*~*~tactically~*~*~ (stealth).
 31668 | Snake:4  | 31668 ||| Stepping ~*~*~tactically~*~*~ (stealth).
 31691 | Snake:4  | 31691 ||| Stepping ~*~*~tactically~*~*~ (stealth).
 31693 | Snake:4  | 31693 ||| Stepping ~*~*~tactically~*~*~ (stealth).
 31695 | Snake:4  | 31695 ||| Stepping ~*~*~tactically~*~*~ (hiding).
 31709 | Snake:4  | 31709 ||| Stepping ~*~*~tactically~*~*~ (hiding).
 31723 | Snake:4  | 31723 ||| Stepping ~*~*~tactically~*~*~ (hiding).
 31724 | Snake:4  | 31724 ||| Stepping ~*~*~tactically~*~*~ (hiding).
 31790 | Snake:4  | 31790 ||| INVOKING Heroism.
 31882 | Snake:4  | 31882 ||| Stepping ~*~*~tactically~*~*~ (stealth).
 31884 | Snake:4  | 31884 ||| Stepping ~*~*~tactically~*~*~ (stealth).
 31886 | Snake:4  | 31886 ||| Stepping ~*~*~tactically~*~*~ (hiding).
 32008 | Snake:4  | 32008 ||| READING scroll of enchant armour.
 32008 | Snake:4  | 32008 ||| ENCHANTING +3 plate armour of willpower.
 32015 | Snake:4  | 32015 ||| Stepping ~*~*~tactically~*~*~ (hiding).
 32018 | Snake:4  | 32018 ||| Stepping ~*~*~tactically~*~*~ (hiding).
 32019 | Snake:4  | 32019 ||| Stepping ~*~*~tactically~*~*~ (hiding).
 32020 | Snake:4  | 32020 ||| INVOKING Heroism.
 32119 | Snake:4  | Got a serpentine rune of Zot
 32427 | Snake:4  | 32427 ||| INVOKING Heroism.
 32428 | Snake:4  | 32428 ||| Stepping ~*~*~tactically~*~*~ (hiding).
 32440 | Snake:4  | Reached skill level 15 in Armour
 32448 | Snake:4  | 32448 ||| PLANNING VAULTS:1-4
 32448 | Snake:4  | 32448 ||| DROPPING +1 chain mail of poison resistance.
 32449 | Snake:4  | 32449 ||| UPGRADING to +0 tower shield.
 32459 | Snake:4  | 32459 ||| DROPPING +0 kite shield.
 32460 | Snake:4  | 32460 ||| DROPPING +1 buckler of resistance.
 32461 | Snake:4  | 32461 ||| DROPPING +2 pair of boots of rampaging.
 32769 | Vaults:1 | Entered Level 1 of the Vaults
 32770 | Vaults:1 | 32770 ||| INVOKING Heroism.
 32773 | Vaults:1 | Received a gift from Okawaru
 32775 | Vaults:1 | 32775 ||| STAIRDANCE
 32898 | Vaults:1 | 32898 ||| STAIRDANCE
 32985 | Vaults:1 | 32985 ||| STAIRDANCE
 33045 | Vaults:1 | 33045 ||| STAIRDANCE
 33125 | Vaults:1 | 33125 ||| STAIRDANCE
 33195 | Vaults:1 | Received a gift from Okawaru
 33197 | Vaults:1 | 33197 ||| INVOKING Heroism.
 33361 | Vaults:1 | 33361 ||| Stepping ~*~*~tactically~*~*~ (hiding).
 33366 | Vaults:1 | 33366 ||| Stepping ~*~*~tactically~*~*~ (stealth).
 33370 | Vaults:1 | 33370 ||| Stepping ~*~*~tactically~*~*~ (hiding).
 33418 | Vaults:1 | 33418 ||| READING scroll of enchant armour.
 33418 | Vaults:1 | 33418 ||| ENCHANTING +4 plate armour of willpower.
 33944 | Vaults:1 | Identified the +0 dagger "Haogrebi" {holy, *Slow rPois
                  | Dex+2 SInv}
 33957 | Vaults:1 | 33957 ||| INVOKING Heroism.
 34217 | Vaults:1 | 34217 ||| INVOKING Heroism.
 34219 | Vaults:1 | 34219 ||| Stepping ~*~*~tactically~*~*~ (hiding).
 34237 | Vaults:1 | Received a gift from Okawaru
 34612 | Vaults:1 | 34612 ||| PLANNING VAULTS:1-4
 34613 | Vaults:1 | Received a gift from Okawaru
 34790 | Vaults:1 | 34790 ||| INVOKING Heroism.
 34823 | Vaults:1 | 34823 ||| Stepping ~*~*~tactically~*~*~ (hiding).
 34824 | Vaults:1 | 34824 ||| Stepping ~*~*~tactically~*~*~ (hiding).
 34863 | Vaults:1 | Reached skill level 18 in Shields
 34915 | Vaults:1 | 34915 ||| INVOKING Heroism.
 35039 | Vaults:1 | 35039 ||| DROPPING +0 cloak.
 35065 | Vaults:2 | 35065 ||| PLANNING DESOLATION
 35072 | Vaults:2 | 35072 ||| Stepping ~*~*~tactically~*~*~ (stealth).
 35073 | Vaults:2 | Received a gift from Okawaru
 35075 | Vaults:2 | 35075 ||| Stepping ~*~*~tactically~*~*~ (hiding).
 35263 | Vaults:2 | 35263 ||| Stepping ~*~*~tactically~*~*~ (hiding).
 35382 | Vaults:2 | 35382 ||| Stepping ~*~*~tactically~*~*~ (hiding).
 35396 | Vaults:2 | Reached XP level 20. HP: 113/131 MP: 27/27
 35405 | Vaults:2 | 35405 ||| INVOKING Heroism.
 35409 | Vaults:2 | Received a gift from Okawaru
 35420 | Vaults:2 | Received a gift from Okawaru
 35452 | Vaults:2 | 35452 ||| INVOKING Heroism.
 35726 | Vaults:2 | 35726 ||| READING scroll of enchant weapon.
 35726 | Vaults:2 | 35726 ||| ENCHANTING +8 spectral broad axe.
 35783 | Vaults:2 | 35783 ||| RIP DESOLATION
 35784 | Vaults:2 | 35784 ||| PLANNING VAULTS:1-4
 35996 | Vaults:2 | 35996 ||| INVOKING Heroism.
 36040 | Vaults:2 | 36040 ||| INVOKING Finesse.
 36042 | Vaults:2 | 36042 ||| INVOKING Heroism.
 36046 | Vaults:2 | Reached skill level 17 in Fighting
 36154 | Vaults:2 | Received a gift from Okawaru
 36159 | Vaults:2 | 36159 ||| Stepping ~*~*~tactically~*~*~ (hiding).
 36424 | Vaults:2 | 36424 ||| Stepping ~*~*~tactically~*~*~ (stealth).
 36425 | Vaults:2 | 36425 ||| Stepping ~*~*~tactically~*~*~ (stealth).
 36489 | Vaults:2 | 36489 ||| Stepping ~*~*~tactically~*~*~ (stealth).
 36807 | Vaults:2 | Found Atsenu's Assorted Antiques.
 36816 | Vaults:2 | 36816 ||| BUYING potion of curing (66 gold).
 36816 | Vaults:2 | Bought a potion of curing for 66 gold pieces
 36816 | Vaults:2 | 36816 ||| BUYING scroll of enchant armour (165 gold).
 36816 | Vaults:2 | Bought a scroll of enchant armour for 165 gold pieces
 36816 | Vaults:2 | 36816 ||| READING scroll of enchant armour.
 36816 | Vaults:2 | 36816 ||| ENCHANTING +5 plate armour of willpower.
 36871 | Vaults:2 | 36871 ||| DROPPING +0 fire dragon scales.
 36882 | Vaults:3 | 36882 ||| PLANNING WIZLAB
 36931 | Vaults:3 | 36931 ||| Stepping ~*~*~tactically~*~*~ (hiding).
 36932 | Vaults:3 | 36932 ||| Stepping ~*~*~tactically~*~*~ (hiding).
 36944 | Vaults:3 | Noticed Frederick
 36944 | Vaults:3 | 36944 ||| INVOKING Heroism.
 36945 | Vaults:3 | 36945 ||| INVOKING Finesse.
 36948 | Vaults:3 | Received a gift from Okawaru
 36953 | Vaults:3 | 36953 ||| Stepping ~*~*~tactically~*~*~ (hiding).
 36961 | Vaults:3 | Killed Frederick
 36972 | Vaults:3 | Received a gift from Okawaru
 36983 | Vaults:3 | 36983 ||| Stepping ~*~*~tactically~*~*~ (hiding).
 37023 | Vaults:3 | Received a gift from Okawaru
 37157 | Vaults:3 | Identified the +7 flail of the Shoals {heavy, rC+}
 37258 | Vaults:3 | Noticed Jory
 37273 | Vaults:3 | 37273 ||| INVOKING Heroism.
 37274 | Vaults:3 | Killed Jory
 37526 | Vaults:3 | Found a magical portal.
 37527 | Vaults:3 | 37527 ||| UPGRADING to +4 ring of protection.
 37529 | Vaults:3 | 37529 ||| DROPPING ring of willpower.
 37530 | Vaults:3 | 37530 ||| DROPPING ring of positive energy.
 37531 | Vaults:3 | 37531 ||| DROPPING ring of see invisible.
 37540 | WizLab   | Entered Doroklohe's Tomb
 37707 | Vaults:3 | 37707 ||| PLANNING VAULTS:1-4
 37782 | Vaults:3 | Noticed Asterion
 37783 | Vaults:3 | 37783 ||| INVOKING Heroism.
 37784 | Vaults:3 | 37784 ||| INVOKING Finesse.
 37792 | Vaults:3 | Killed Asterion
 37888 | Vaults:3 | 37888 ||| PLANNING VAULTS:1-4
 37928 | Vaults:3 | 37928 ||| INVOKING Heroism.
 38066 | Vaults:3 | Found a staircase to the Crypt.
 38097 | Vaults:3 | 38097 ||| Stepping ~*~*~tactically~*~*~ (hiding).
 38259 | Vaults:3 | 38259 ||| READING scroll of enchant armour.
 38259 | Vaults:3 | 38259 ||| ENCHANTING +6 plate armour of willpower.
 38300 | Vaults:3 | 38300 ||| Stepping ~*~*~tactically~*~*~ (hiding).
 38493 | Vaults:3 | 38493 ||| Stepping ~*~*~tactically~*~*~ (hiding).
 38517 | Vaults:3 | 38517 ||| Stepping ~*~*~tactically~*~*~ (stealth).
 38610 | Vaults:3 | 38610 ||| PLANNING VAULTS:1-4
 38614 | Vaults:3 | Reached XP level 21. HP: 119/140 MP: 28/28
 38869 | Vaults:3 | 38869 ||| DROPPING +7 plate armour of ponderousness.
 38890 | Vaults:4 | Received a gift from Okawaru
 38896 | Vaults:4 | 38896 ||| INVOKING Heroism.
 38899 | Vaults:4 | Reached skill level 18 in Fighting
 38962 | Vaults:4 | 38962 ||| Stepping ~*~*~tactically~*~*~ (hiding).
 39088 | Vaults:4 | 39088 ||| Stepping ~*~*~tactically~*~*~ (hiding).
 39119 | Vaults:4 | 39119 ||| Stepping ~*~*~tactically~*~*~ (hiding).
 39120 | Vaults:4 | 39120 ||| Stepping ~*~*~tactically~*~*~ (hiding).
 39122 | Vaults:4 | 39122 ||| Stepping ~*~*~tactically~*~*~ (hiding).
 39123 | Vaults:4 | 39123 ||| Stepping ~*~*~tactically~*~*~ (hiding).
 39250 | Vaults:4 | Found Inger's Magic Scroll Shop.
 39254 | Vaults:4 | 39254 ||| BUYING scroll of brand weapon (161 gold).
 39254 | Vaults:4 | Bought a scroll of brand weapon for 161 gold pieces
 39254 | Vaults:4 | 39254 ||| BUYING scroll of brand weapon (161 gold).
 39254 | Vaults:4 | Bought a scroll of brand weapon for 161 gold pieces
 39254 | Vaults:4 | 39254 ||| BUYING scroll of enchant armour (127 gold).
 39254 | Vaults:4 | Bought a scroll of enchant armour for 127 gold pieces
 39254 | Vaults:4 | 39254 ||| BUYING scroll of teleportation (51 gold).
 39254 | Vaults:4 | Bought a scroll of teleportation for 51 gold pieces
 39254 | Vaults:4 | 39254 ||| BUYING scroll of teleportation (51 gold).
 39254 | Vaults:4 | Bought a scroll of teleportation for 51 gold pieces
 39254 | Vaults:4 | 39254 ||| READING scroll of enchant armour.
 39254 | Vaults:4 | 39254 ||| ENCHANTING +7 plate armour of willpower.
 39281 | Vaults:4 | 39281 ||| Stepping ~*~*~tactically~*~*~ (hiding).
 39408 | Vaults:4 | 39408 ||| Stepping ~*~*~tactically~*~*~ (hiding).
 39409 | Vaults:4 | 39409 ||| Stepping ~*~*~tactically~*~*~ (hiding).
 39537 | Vaults:4 | Identified the +10 hand axe of Twilight {drain, rN+ Will++
                  | Int+3 Dex+3 Stlth-} (Okawaru gifted it to you on level 4 of
                  | the Vaults)
 39537 | Vaults:4 | Received a gift from Okawaru
 39625 | Vaults:4 | 39625 ||| PLANNING VAULTS:1-4
 39631 | Vaults:4 | 39631 ||| Stepping ~*~*~tactically~*~*~ (hiding).
 39759 | Vaults:4 | 39759 ||| INVOKING Heroism.
 39760 | Vaults:4 | 39760 ||| INVOKING Finesse.
 39881 | Vaults:4 | 39881 ||| Stepping ~*~*~tactically~*~*~ (stealth).
 39902 | Vaults:4 | 39902 ||| Stepping ~*~*~tactically~*~*~ (stealth).
 40058 | Vaults:4 | 40058 ||| INVOKING Heroism.
 40268 | Vaults:4 | 40268 ||| Stepping ~*~*~tactically~*~*~ (hiding).
 40429 | Vaults:4 | 40429 ||| Stepping ~*~*~tactically~*~*~ (stealth).
 40455 | Vaults:4 | 40455 ||| Stepping ~*~*~tactically~*~*~ (stealth).
 40477 | Vaults:4 | 40477 ||| INVOKING Heroism.
 40687 | Vaults:4 | 40687 ||| READING scroll of enchant armour.
 40687 | Vaults:4 | 40687 ||| ENCHANTING +8 plate armour of willpower.
 40804 | Vaults:4 | 40804 ||| Stepping ~*~*~tactically~*~*~ (hiding).
 40805 | Vaults:4 | 40805 ||| Stepping ~*~*~tactically~*~*~ (hiding).
 40806 | Vaults:4 | 40806 ||| Stepping ~*~*~tactically~*~*~ (hiding).
 40807 | Vaults:4 | 40807 ||| Stepping ~*~*~tactically~*~*~ (hiding).
 40808 | Vaults:4 | 40808 ||| Stepping ~*~*~tactically~*~*~ (hiding).
 40812 | Vaults:4 | Received a gift from Okawaru
 40990 | Vaults:4 | 40990 ||| Stepping ~*~*~tactically~*~*~ (hiding).
 40999 | Vaults:4 | 40999 ||| PLANNING VAULTS:1-4
 41022 | Vaults:4 | Reached skill level 19 in Fighting
 41098 | Vaults:4 | 41098 ||| PLANNING SWAMP:4
 41519 | Swamp:4  | Entered Level 4 of the Swamp
 41691 | Swamp:4  | 41691 ||| Stepping ~*~*~tactically~*~*~ (hiding).
 41692 | Swamp:4  | 41692 ||| Stepping ~*~*~tactically~*~*~ (hiding).
 41694 | Swamp:4  | 41694 ||| Stepping ~*~*~tactically~*~*~ (hiding).
 41695 | Swamp:4  | 41695 ||| Stepping ~*~*~tactically~*~*~ (hiding).
 41696 | Swamp:4  | 41696 ||| Stepping ~*~*~tactically~*~*~ (hiding).
 41775 | Swamp:4  | 41775 ||| Stepping ~*~*~tactically~*~*~ (stealth).
 41776 | Swamp:4  | 41776 ||| Stepping ~*~*~tactically~*~*~ (stealth).
 41794 | Swamp:4  | 41794 ||| Stepping ~*~*~tactically~*~*~ (stealth).
 41820 | Swamp:4  | 41820 ||| INVOKING Heroism.
 41831 | Swamp:4  | Noticed the 27-headed Lernaean hydra
 41842 | Swamp:4  | Killed the 27-headed Lernaean hydra
 41843 | Swamp:4  | Reached skill level 18 in Armour
 41849 | Swamp:4  | HP: 33/144 [ten-headed hydra (5)]
 41850 | Swamp:4  | 41850 ||| READING 8 scrolls of teleportation.
 41851 | Swamp:4  | 41851 ||| DRINKING 11 potions of heal wounds.
 42347 | Swamp:4  | 42347 ||| Stepping ~*~*~tactically~*~*~ (stealth).
 42349 | Swamp:4  | 42349 ||| Stepping ~*~*~tactically~*~*~ (stealth).
 42454 | Swamp:4  | 42454 ||| Stepping ~*~*~tactically~*~*~ (hiding).
 42488 | Swamp:4  | Got a decaying rune of Zot
 42531 | Swamp:4  | 42531 ||| Stepping ~*~*~tactically~*~*~ (hiding).
 42532 | Swamp:4  | 42532 ||| Stepping ~*~*~tactically~*~*~ (hiding).
 42698 | Swamp:4  | 42698 ||| PLANNING DEPTHS
 42946 | D:13     | 42946 ||| Stepping ~*~*~tactically~*~*~ (stealth).
 42950 | D:13     | 42950 ||| Stepping ~*~*~tactically~*~*~ (stealth).
 42957 | D:13     | 42957 ||| Stepping ~*~*~tactically~*~*~ (stealth).
 43118 | Depths:1 | Entered Level 1 of the Depths
 43124 | Depths:1 | 43124 ||| INVOKING Heroism.
 43130 | Depths:1 | Received a gift from Okawaru
 43185 | Depths:1 | Reached XP level 22. HP: 137/150 MP: 29/29
 43197 | Depths:1 | 43197 ||| INVOKING Heroism.
 43199 | Depths:1 | Received a gift from Okawaru
 43303 | Depths:1 | Found Orefokko's Gadget Gallery.
 43323 | Depths:1 | Found a one-way gate to the infinite horrors of the Abyss.
 43335 | Depths:1 | Found Enlistrua's Armour Shoppe.
 43357 | Depths:1 | 43357 ||| INVOKING Heroism.
 43358 | Depths:1 | 43358 ||| INVOKING Finesse.
 43369 | Depths:1 | Identified the +11 plate armour of Byrcha {Harm rPois
                  | Dex+2} (Okawaru gifted it to you on level 1 of the Depths)
 43369 | Depths:1 | Received a gift from Okawaru
 43441 | Depths:1 | Found a gateway to Hell.
 43506 | Depths:1 | 43506 ||| INVOKING Heroism.
 43507 | Depths:1 | 43507 ||| INVOKING Finesse.
 43611 | Depths:1 | 43611 ||| INVOKING Heroism.
 44168 | Depths:2 | 44168 ||| INVOKING Heroism.
 44272 | Depths:2 | Found an iron altar of Okawaru.
 44274 | Depths:2 | 44274 ||| INVOKING Heroism.
 44278 | Depths:2 | Reached skill level 20 in Fighting
 44281 | Depths:2 | 44281 ||| Stepping ~*~*~tactically~*~*~ (hiding).
 44393 | Depths:2 | Identified the +2 spear of the Hierophant {flame, Will+}
 44397 | Depths:2 | Identified the +12 falchion "Gumifao" {flame, Str+2 Int+2
                  | SInv}
 44430 | Depths:2 | 44430 ||| Stepping ~*~*~tactically~*~*~ (hiding).
 44443 | Depths:2 | 44443 ||| Stepping ~*~*~tactically~*~*~ (stealth).
 44473 | Depths:2 | Found a one-way gate leading to the halls of Pandemonium.
 44474 | Depths:2 | 44474 ||| Stepping ~*~*~tactically~*~*~ (hiding).
 44513 | Depths:2 | Found a one-way gateway to a ziggurat.
 44523 | Depths:2 | 44523 ||| INVOKING Heroism.
 44532 | Depths:2 | 44532 ||| Stepping ~*~*~tactically~*~*~ (hiding).
 44823 | Depths:2 | 44823 ||| INVOKING Heroism.
 44858 | Depths:2 | Noticed a juggernaut
 44862 | Depths:2 | HP: 24/152 [juggernaut (19)]
 44863 | Depths:2 | 44863 ||| READING 8 scrolls of teleportation.
 44864 | Depths:2 | 44864 ||| DRINKING 10 potions of heal wounds.
 44865 | Depths:2 | 44865 ||| DRINKING 9 potions of heal wounds.
 44866 | Depths:2 | 44866 ||| DRINKING 8 potions of heal wounds.
 44913 | Depths:2 | 44913 ||| INVOKING Heroism.
 45105 | Depths:2 | 45105 ||| INVOKING Heroism.
 45135 | Depths:2 | 45135 ||| INVOKING Heroism.
 45141 | Depths:2 | Reached skill level 6 in Dodging
 45162 | Depths:2 | Killed a juggernaut
 45163 | Depths:2 | Reached skill level 21 in Shields
 45219 | Depths:2 | 45219 ||| Stepping ~*~*~tactically~*~*~ (stealth).
 45220 | Depths:2 | 45220 ||| INVOKING Heroism.
 45229 | Depths:2 | 45229 ||| Stepping ~*~*~tactically~*~*~ (hiding).
 45232 | Depths:2 | Noticed a juggernaut
 45241 | Depths:2 | 45241 ||| Stepping ~*~*~tactically~*~*~ (hiding).
 45248 | Depths:2 | Killed a juggernaut
 45248 | Depths:2 | Received a gift from Okawaru
 45250 | Depths:2 | HP: 28/150 [iron dragon (13)]
 45251 | Depths:2 | 45251 ||| READING 7 scrolls of teleportation.
 45252 | Depths:2 | 45252 ||| DRINKING 7 potions of heal wounds.
 45257 | Depths:2 | 45257 ||| Stepping ~*~*~tactically~*~*~ (stealth).
 45342 | Depths:2 | 45342 ||| Stepping ~*~*~tactically~*~*~ (stealth).
 45433 | Depths:2 | 45433 ||| Stepping ~*~*~tactically~*~*~ (stealth).
 45472 | Depths:2 | 45472 ||| Stepping ~*~*~tactically~*~*~ (hiding).
 45477 | Depths:2 | 45477 ||| Stepping ~*~*~tactically~*~*~ (hiding).
 45480 | Depths:2 | 45480 ||| INVOKING Heroism.
 45679 | Depths:2 | 45679 ||| INVOKING Heroism.
 45686 | Depths:2 | 45686 ||| Stepping ~*~*~tactically~*~*~ (stealth).
 45752 | Depths:2 | Identified the staff of air "Fiuker" {rElec SInv}
 45762 | Depths:2 | 45762 ||| INVOKING Heroism.
 45788 | Depths:2 | Noticed a golden dragon
 45789 | Depths:2 | 45789 ||| Stepping ~*~*~tactically~*~*~ (hiding).
 45794 | Depths:2 | 45794 ||| INVOKING Heroism.
 45798 | Depths:2 | Killed a golden dragon
 45799 | Depths:2 | Reached XP level 23. HP: 158/159 MP: 27/30
 45828 | Depths:2 | 45828 ||| Stepping ~*~*~tactically~*~*~ (hiding).
 45947 | Depths:2 | 45947 ||| INVOKING Heroism.
 46153 | Depths:2 | 46153 ||| Stepping ~*~*~tactically~*~*~ (hiding).
 46166 | Depths:2 | 46166 ||| READING scroll of enchant armour.
 46166 | Depths:2 | 46166 ||| ENCHANTING +9 plate armour of willpower.
 46197 | Depths:2 | Reached skill level 21 in Fighting
 46216 | Depths:2 | 46216 ||| Stepping ~*~*~tactically~*~*~ (hiding).
 46218 | Depths:2 | 46218 ||| INVOKING Heroism.
 46222 | Depths:2 | 46222 ||| Stepping ~*~*~tactically~*~*~ (hiding).
 46227 | Depths:2 | HP: 38/160 [living spell/divine providence[a walking divine
                  | tome] (13)]
 46228 | Depths:2 | 46228 ||| READING 7 scrolls of teleportation.
 46229 | Depths:2 | 46229 ||| Stepping ~*~*~tactically~*~*~ (hiding).
 46230 | Depths:2 | 46230 ||| DRINKING 6 potions of heal wounds.
 46231 | Depths:2 | 46231 ||| Stepping ~*~*~tactically~*~*~ (hiding).
 46232 | Depths:2 | 46232 ||| DRINKING 5 potions of heal wounds.
 46258 | Depths:2 | 46258 ||| INVOKING Heroism.
 46714 | Depths:2 | Noticed a golden dragon
 46715 | Depths:2 | 46715 ||| Stepping ~*~*~tactically~*~*~ (stealth).
 46716 | Depths:2 | 46716 ||| Stepping ~*~*~tactically~*~*~ (stealth).
 46718 | Depths:2 | 46718 ||| Stepping ~*~*~tactically~*~*~ (stealth).
 46758 | Depths:2 | 46758 ||| Stepping ~*~*~tactically~*~*~ (stealth).
 46759 | Depths:2 | 46759 ||| Stepping ~*~*~tactically~*~*~ (stealth).
 46763 | Depths:2 | 46763 ||| INVOKING Heroism.
 46838 | Depths:2 | 46838 ||| DROPPING +6 ring of strength.
 46879 | Depths:2 | 46879 ||| Stepping ~*~*~tactically~*~*~ (stealth).
 46880 | Depths:2 | 46880 ||| Stepping ~*~*~tactically~*~*~ (stealth).
 46882 | Depths:2 | 46882 ||| INVOKING Heroism.
 46893 | Depths:2 | Killed a golden dragon
 46958 | Depths:3 | 46958 ||| Stepping ~*~*~tactically~*~*~ (hiding).
 46959 | Depths:3 | 46959 ||| Stepping ~*~*~tactically~*~*~ (hiding).
 46960 | Depths:3 | 46960 ||| STAIRDANCE
 47088 | Depths:3 | Noticed a caustic shrike
 47089 | Depths:3 | 47089 ||| INVOKING Heroism.
 47099 | Depths:3 | Killed a caustic shrike
 47334 | Depths:3 | Identified the +12 quarterstaff "Ithroz" {pain, rF+}
 47358 | Depths:3 | 47358 ||| Stepping ~*~*~tactically~*~*~ (hiding).
 47359 | Depths:3 | 47359 ||| INVOKING Heroism.
 47361 | Depths:3 | 47361 ||| Stepping ~*~*~tactically~*~*~ (hiding).
 47383 | Depths:3 | Reached skill level 12 in Throwing
 47383 | Depths:3 | 47383 ||| Stepping ~*~*~tactically~*~*~ (hiding).
 47396 | Depths:3 | Received a gift from Okawaru
 47546 | Depths:3 | 47546 ||| INVOKING Heroism.
 47707 | Depths:3 | Identified the +7 demon trident of Obsession {venom, rPois}
 47750 | Depths:3 | 47750 ||| Stepping ~*~*~tactically~*~*~ (stealth).
 47821 | Depths:3 | Noticed a juggernaut
 47831 | Depths:3 | 47831 ||| Stepping ~*~*~tactically~*~*~ (hiding).
 47852 | Depths:3 | 47852 ||| INVOKING Heroism.
 48102 | Depths:3 | Found a corrupted altar of Lugonu.
 48114 | Depths:3 | 48114 ||| INVOKING Heroism.
 48158 | Depths:3 | Found a transporter.
 48295 | Depths:4 | Entered Level 4 of the Depths
 48297 | Depths:4 | Noticed a caustic shrike
 48297 | Depths:4 | 48297 ||| INVOKING Heroism.
 48298 | Depths:4 | Noticed a caustic shrike
 48301 | Depths:4 | Noticed a caustic shrike
 48302 | Depths:4 | Noticed a caustic shrike
 48307 | Depths:4 | Killed a caustic shrike
 48309 | Depths:4 | Killed a caustic shrike
 48310 | Depths:4 | Killed a caustic shrike
 48312 | Depths:4 | Received a gift from Okawaru
 48332 | Depths:4 | Noticed a golden dragon
 48332 | Depths:4 | Received a gift from Okawaru
 48332 | Depths:4 | HP: 39/160 [deep troll (13)]
 48333 | Depths:4 | 48333 ||| READING 7 scrolls of teleportation.
 48333 | Depths:4 | HP: 13/161 [deep troll (20)]
 48334 | Depths:4 | 48334 ||| DRINKING 5 potions of heal wounds.
 48336 | Depths:4 | 48336 ||| DRINKING 4 potions of heal wounds.
 48338 | Depths:4 | 48338 ||| DRINKING 3 potions of heal wounds.
 48443 | Depths:4 | 48443 ||| INVOKING Heroism.
 48446 | Depths:4 | 48446 ||| Stepping ~*~*~tactically~*~*~ (stealth).
 48458 | Depths:4 | 48458 ||| Stepping ~*~*~tactically~*~*~ (stealth).
 48545 | Depths:4 | 48545 ||| Stepping ~*~*~tactically~*~*~ (stealth).
 48641 | Depths:4 | 48641 ||| INVOKING Heroism.
 48643 | Depths:4 | 48643 ||| Stepping ~*~*~tactically~*~*~ (hiding).
 48644 | Depths:4 | 48644 ||| Stepping ~*~*~tactically~*~*~ (hiding).
 48647 | Depths:4 | 48647 ||| Stepping ~*~*~tactically~*~*~ (hiding).
 48657 | Depths:4 | 48657 ||| Stepping ~*~*~tactically~*~*~ (hiding).
 48677 | Depths:4 | 48677 ||| Stepping ~*~*~tactically~*~*~ (hiding).
 48678 | Depths:4 | 48678 ||| Stepping ~*~*~tactically~*~*~ (hiding).
 48679 | Depths:4 | 48679 ||| Stepping ~*~*~tactically~*~*~ (hiding).
 48681 | Depths:4 | 48681 ||| Stepping ~*~*~tactically~*~*~ (hiding).
 48682 | Depths:4 | 48682 ||| Stepping ~*~*~tactically~*~*~ (hiding).
 48689 | Depths:4 | Reached skill level 22 in Fighting
 48697 | Depths:4 | 48697 ||| INVOKING Heroism.
 48709 | Depths:4 | Killed a caustic shrike
 48735 | Depths:4 | Killed a golden dragon
 48744 | Depths:4 | 48744 ||| INVOKING Heroism.
 48760 | Depths:4 | HP: 40/162 [white draconian/blast of cold (10)]
 48761 | Depths:4 | 48761 ||| READING 6 scrolls of teleportation.
 48763 | Depths:4 | 48763 ||| DRINKING 2 potions of heal wounds.
 48805 | Depths:4 | HP: 39/162 [hell knight/bolt of fire (4)]
 48806 | Depths:4 | 48806 ||| READING 5 scrolls of teleportation.
 48807 | Depths:4 | 48807 ||| DRINKING potion of heal wounds.
 48831 | Depths:4 | 48831 ||| INVOKING Heroism.
 48839 | Depths:4 | HP: 36/162 [hell knight/+2 long sword (7)]
 48840 | Depths:4 | 48840 ||| READING 4 scrolls of teleportation.
 48863 | Depths:4 | HP: 38/162 [storm dragon (5)]
 48864 | Depths:4 | 48864 ||| READING 3 scrolls of teleportation.
 49145 | Depths:4 | 49145 ||| Stepping ~*~*~tactically~*~*~ (stealth).
 49149 | Depths:4 | 49149 ||| Stepping ~*~*~tactically~*~*~ (stealth).
 49187 | Depths:4 | 49187 ||| INVOKING Heroism.
 49229 | Depths:4 | 49229 ||| Stepping ~*~*~tactically~*~*~ (hiding).
 49232 | Depths:4 | 49232 ||| Stepping ~*~*~tactically~*~*~ (hiding).
 49354 | Depths:4 | 49354 ||| INVOKING Heroism.
 49425 | Depths:4 | 49425 ||| Stepping ~*~*~tactically~*~*~ (hiding).
 49427 | Depths:4 | 49427 ||| Stepping ~*~*~tactically~*~*~ (hiding).
 49488 | Depths:4 | 49488 ||| Stepping ~*~*~tactically~*~*~ (stealth).
 49490 | Depths:4 | 49490 ||| Stepping ~*~*~tactically~*~*~ (hiding).
 49492 | Depths:4 | 49492 ||| INVOKING Heroism.
 49499 | Depths:4 | Reached XP level 24. HP: 163/168 MP: 29/30
 49514 | Depths:4 | Found a gate to the Realm of Zot.
 49668 | Depths:4 | Found Tequqonu's Jewellery Shoppe.
 49668 | Depths:4 | Found Osangubb's Book Shop.
 49669 | Depths:4 | Found Omolunua's Book Shop.
 49677 | Depths:4 | 49677 ||| BUYING amulet of Jeugynong {Spirit rF+ Dex+3}
                  | (653 gold).
 49677 | Depths:4 | Bought the amulet of Jeugynong {Spirit rF+ Dex+3} for 653
                  | gold pieces
 49677 | Depths:4 | 49677 ||| BUYING ring of Beogh's Indignation {Wiz Will++
                  | Str+3} (744 gold).
 49677 | Depths:4 | Bought the ring of Beogh's Indignation {Wiz Will++ Str+3}
                  | for 744 gold pieces
 49677 | Depths:4 | 49677 ||| BUYING ring of fire (325 gold).
 49677 | Depths:4 | Bought a ring of fire for 325 gold pieces
 49677 | Depths:4 | 49677 ||| BUYING ring of protection from fire (325 gold).
 49677 | Depths:4 | Bought a ring of protection from fire for 325 gold pieces
 49677 | Depths:4 | 49677 ||| BUYING ring of resist corrosion (260 gold).
 49677 | Depths:4 | Bought a ring of resist corrosion for 260 gold pieces
 49799 | Depths:4 | 49799 ||| PLANNING VAULTS:5
 49799 | Depths:4 | 49799 ||| UPGRADING to ring of Beogh's Indignation {Wiz
                  | Will++ Str+3}.
 49801 | Depths:4 | 49801 ||| DROPPING ring of fire.
 49802 | Depths:4 | 49802 ||| DROPPING ring of see invisible.
 50102 | Vaults:5 | Entered Level 5 of the Vaults
 50103 | Vaults:5 | 50103 ||| INVOKING Heroism.
 50118 | Vaults:5 | Received a gift from Okawaru
 50131 | Vaults:5 | 50131 ||| STAIRDANCE
 50133 | Vaults:4 | 50133 ||| INVOKING Heroism.
 50264 | Vaults:5 | Noticed a dread lich
 50265 | Vaults:5 | 50265 ||| INVOKING Heroism.
 50272 | Vaults:5 | 50272 ||| STAIRDANCE
 50274 | Vaults:4 | Killed a dread lich
 50275 | Vaults:4 | Reached skill level 21 in Armour
 50468 | Vaults:5 | 50468 ||| INVOKING Heroism.
 50489 | Vaults:5 | Noticed an ancient lich
 50490 | Vaults:5 | 50490 ||| INVOKING Finesse.
 50497 | Vaults:5 | 50497 ||| STAIRDANCE
 50689 | Vaults:5 | 50689 ||| INVOKING Heroism.
 50699 | Vaults:5 | Identified the ring "Xiete" {Wiz Int+2}
 50703 | Vaults:5 | 50703 ||| STAIRDANCE
 50705 | Vaults:4 | Killed an ancient lich
 50705 | Vaults:4 | Received a gift from Okawaru
 50896 | Vaults:5 | 50896 ||| INVOKING Heroism.
 50900 | Vaults:5 | Reached skill level 23 in Fighting
 50907 | Vaults:5 | Received a gift from Okawaru
 50922 | Vaults:5 | HP: 38/171 [tengu reaver/+3 great sword (10)]
 50923 | Vaults:5 | 50923 ||| READING 3 scrolls of teleportation.
 50927 | Vaults:5 | 50927 ||| READING 2 scrolls of teleportation.
 51215 | Vaults:5 | 51215 ||| Stepping ~*~*~tactically~*~*~ (hiding).
 51218 | Vaults:5 | 51218 ||| Stepping ~*~*~tactically~*~*~ (hiding).
 51220 | Vaults:5 | 51220 ||| INVOKING Heroism.
 51257 | Vaults:5 | Identified the staff of earth "Ecaag" {Dex+4 Stlth+}
 51264 | Vaults:5 | Identified the +11 falchion of Premature Burial {freeze,
                  | Str-4 Int+4}
 51284 | Vaults:5 | Identified the +1 helmet of Diul Rou {-Tele rPois rCorr
                  | Str-4}
 51288 | Vaults:5 | 51288 ||| INVOKING Finesse.
 51371 | Vaults:5 | 51371 ||| Stepping ~*~*~tactically~*~*~ (hiding).
 51373 | Vaults:5 | 51373 ||| Stepping ~*~*~tactically~*~*~ (hiding).
 51375 | Vaults:5 | 51375 ||| Stepping ~*~*~tactically~*~*~ (hiding).
 51380 | Vaults:5 | 51380 ||| Stepping ~*~*~tactically~*~*~ (hiding).
 51381 | Vaults:5 | 51381 ||| Stepping ~*~*~tactically~*~*~ (hiding).
 51382 | Vaults:5 | 51382 ||| Stepping ~*~*~tactically~*~*~ (hiding).
 51383 | Vaults:5 | 51383 ||| Stepping ~*~*~tactically~*~*~ (hiding).
 51396 | Vaults:5 | 51396 ||| Stepping ~*~*~tactically~*~*~ (stealth).
 51402 | Vaults:5 | 51402 ||| Stepping ~*~*~tactically~*~*~ (stealth).
 51417 | Vaults:5 | 51417 ||| INVOKING Heroism.
 51534 | Vaults:5 | 51534 ||| Stepping ~*~*~tactically~*~*~ (stealth).
 51571 | Vaults:5 | 51571 ||| Stepping ~*~*~tactically~*~*~ (stealth).
 51578 | Vaults:5 | Got a silver rune of Zot
 51600 | Vaults:5 | Identified the amulet of Sixtena {Rampage rF+ Regen+}
 51601 | Vaults:5 | 51601 ||| Stepping ~*~*~tactically~*~*~ (hiding).
 51605 | Vaults:5 | Received a gift from Okawaru
 51673 | Vaults:5 | Identified the ring of Ecseb {Wiz Str+3 Int+7}
 51729 | Vaults:5 | 51729 ||| Stepping ~*~*~tactically~*~*~ (stealth).
 51730 | Vaults:5 | 51730 ||| INVOKING Heroism.
 51758 | Vaults:5 | Identified the staff of earth "Cienk" {Int+5}
 51792 | Vaults:5 | Identified the staff of death "Intu Enokk" {rN+ MP-9 Str+4}
 51799 | Vaults:5 | 51799 ||| Stepping ~*~*~tactically~*~*~ (stealth).
 51961 | Vaults:5 | Reached XP level 25. HP: 176/176 MP: 30/30
 52007 | Vaults:5 | 52007 ||| Stepping ~*~*~tactically~*~*~ (stealth).
 52143 | Vaults:5 | Found Bisuveiq's Distillery.
 52148 | Vaults:5 | 52148 ||| BUYING 2 potions of attraction (138 gold).
 52148 | Vaults:5 | Bought 2 potions of attraction for 138 gold pieces
 52148 | Vaults:5 | 52148 ||| BUYING potion of curing (69 gold).
 52148 | Vaults:5 | Bought a potion of curing for 69 gold pieces
 52148 | Vaults:5 | 52148 ||| BUYING potion of curing (69 gold).
 52148 | Vaults:5 | Bought a potion of curing for 69 gold pieces
 52148 | Vaults:5 | 52148 ||| BUYING potion of curing (69 gold).
 52148 | Vaults:5 | Bought a potion of curing for 69 gold pieces
 52148 | Vaults:5 | 52148 ||| BUYING potion of haste (230 gold).
 52148 | Vaults:5 | Bought a potion of haste for 230 gold pieces
 52148 | Vaults:5 | 52148 ||| BUYING potion of heal wounds (115 gold).
 52148 | Vaults:5 | Bought a potion of heal wounds for 115 gold pieces
 52181 | Vaults:5 | Found Lehorch's Magic Scroll Emporium.
 52226 | Vaults:5 | 52226 ||| Stepping ~*~*~tactically~*~*~ (stealth).
 52235 | Vaults:5 | Identified the +0 plate armour of the Devil's Advocate {rF-
                  | rN+ Int+4 Dex+2} (Okawaru gifted it to you on level 5 of
                  | the Vaults)
 52235 | Vaults:5 | Received a gift from Okawaru
 52271 | Vaults:5 | 52271 ||| Stepping ~*~*~tactically~*~*~ (stealth).
 52279 | Vaults:5 | 52279 ||| INVOKING Heroism.
 52452 | Vaults:5 | 52452 ||| Stepping ~*~*~tactically~*~*~ (hiding).
 52465 | Vaults:5 | 52465 ||| INVOKING Heroism.
 52638 | Vaults:5 | 52638 ||| PLANNING SHOPPING SPREE
 52638 | Vaults:5 | 52638 ||| DROPPING +1 helmet.
 52639 | Vaults:5 | 52639 ||| DROPPING +1 pair of gloves.
 52640 | Vaults:5 | 52640 ||| DROPPING amulet of Jeugynong {Spirit rF+ Dex+3}.
 52641 | Vaults:5 | 52641 ||| UPGRADING to amulet of Sixtena {Rampage rF+
                  | Regen+}.
 52651 | Vaults:5 | 52651 ||| UPGRADING to +2 cloak.
 52661 | Vaults:5 | 52661 ||| DROPPING ring of ice.
 52662 | Vaults:5 | 52662 ||| UPGRADING to +5 ring of evasion.
 52664 | Vaults:5 | 52664 ||| DROPPING +4 ring of protection.
 52665 | Vaults:5 | 52665 ||| CLEARING SHOPPING LIST
 52665 | Vaults:5 | 52665 ||| PLANNING ZOT:1-4
 52665 | Vaults:5 | 52665 ||| PLANNING ZOT:1-4
 52665 | Vaults:5 | 52665 ||| UPGRADING to scarf of resistance.
 52995 | Zot:1    | Entered Level 1 of the Realm of Zot
 53195 | Zot:1    | 53195 ||| Stepping ~*~*~tactically~*~*~ (hiding).
 53197 | Zot:1    | 53197 ||| Stepping ~*~*~tactically~*~*~ (hiding).
 53203 | Zot:1    | 53203 ||| INVOKING Heroism.
 53288 | Zot:1    | 53288 ||| Stepping ~*~*~tactically~*~*~ (hiding).
 53290 | Zot:1    | 53290 ||| Stepping ~*~*~tactically~*~*~ (hiding).
 53293 | Zot:1    | 53293 ||| INVOKING Heroism.
 53408 | Zot:1    | 53408 ||| Stepping ~*~*~tactically~*~*~ (stealth).
 53968 | Zot:1    | 53968 ||| Stepping ~*~*~tactically~*~*~ (hiding).
 54107 | Zot:2    | 54107 ||| Stepping ~*~*~tactically~*~*~ (hiding).
 54109 | Zot:2    | 54109 ||| INVOKING Heroism.
 54123 | Zot:2    | Reached skill level 24 in Fighting
 54173 | Zot:2    | Identified the +4 scale mail of Zaosk {rF+ Will+ Int+5}
 54228 | Zot:2    | 54228 ||| Stepping ~*~*~tactically~*~*~ (stealth).
 54230 | Zot:2    | 54230 ||| Stepping ~*~*~tactically~*~*~ (stealth).
 54237 | Zot:2    | 54237 ||| Stepping ~*~*~tactically~*~*~ (stealth).
 54293 | Zot:2    | 54293 ||| Stepping ~*~*~tactically~*~*~ (stealth).
 54294 | Zot:2    | 54294 ||| Stepping ~*~*~tactically~*~*~ (stealth).
 54302 | Zot:2    | 54302 ||| INVOKING Heroism.
 54334 | Zot:2    | 54334 ||| Stepping randomly (disturbance).
 54335 | Zot:2    | 54335 ||| Stepping randomly (disturbance).
 54336 | Zot:2    | 54336 ||| Stepping randomly (disturbance).
 54337 | Zot:2    | 54337 ||| Stepping randomly (disturbance).
 54805 | Zot:2    | 54805 ||| INVOKING Heroism.
 54872 | Zot:2    | 54872 ||| INVOKING Heroism.
 55042 | Zot:2    | 55042 ||| Stepping ~*~*~tactically~*~*~ (hiding).
 55050 | Zot:2    | 55050 ||| Stepping ~*~*~tactically~*~*~ (hiding).
 55066 | Zot:2    | 55066 ||| Stepping ~*~*~tactically~*~*~ (hiding).
 55406 | Zot:3    | Noticed an orb of fire
 55407 | Zot:3    | 55407 ||| DRINKING 3 potions of resistance.
 55408 | Zot:3    | 55408 ||| INVOKING Heroism.
 55408 | Zot:3    | Gained mutation: Your spells are a little easier to cast,
                  | but a little less powerful. [an orb of fire]
 55414 | Zot:3    | Lost mutation: Your spells are a little easier to cast, but
                  | a little less powerful. [an orb of fire]
 55417 | Zot:3    | Gained mutation: Your magical capacity is low. (-10% MP)
                  | [an orb of fire]
 55425 | Zot:3    | Killed an orb of fire
 55540 | Zot:3    | 55540 ||| INVOKING Heroism.
 55558 | Zot:3    | 55558 ||| Stepping ~*~*~tactically~*~*~ (hiding).
 55559 | Zot:3    | 55559 ||| Stepping ~*~*~tactically~*~*~ (hiding).
 55574 | Zot:3    | Received a gift from Okawaru
 55734 | Zot:3    | 55734 ||| Stepping ~*~*~tactically~*~*~ (hiding).
 55737 | Zot:3    | 55737 ||| Stepping ~*~*~tactically~*~*~ (hiding).
 55750 | Zot:3    | Reached skill level 25 in Fighting
 55832 | Zot:3    | Noticed a Killer Klown
 55833 | Zot:3    | 55833 ||| INVOKING Heroism.
 55834 | Zot:3    | 55834 ||| INVOKING Finesse.
 55840 | Zot:3    | Killed a Killer Klown
 55840 | Zot:3    | Received a gift from Okawaru
 56077 | Zot:3    | Noticed an orb of fire
 56078 | Zot:3    | 56078 ||| DRINKING 2 potions of resistance.
 56079 | Zot:3    | 56079 ||| INVOKING Heroism.
 56083 | Zot:3    | Gained mutation: Your spells are a little easier to cast,
                  | but a little less powerful. [an orb of fire]
 56086 | Zot:3    | 56086 ||| DRINKING potion of resistance.
 56089 | Zot:3    | Gained mutation: You are somewhat resistant to further
                  | mutation. [an orb of fire]
 56098 | Zot:3    | Killed an orb of fire
 56261 | Zot:4    | 56261 ||| STAIRDANCE
 56287 | Zot:4    | 56287 ||| STAIRDANCE
 56393 | Zot:4    | 56393 ||| STAIRDANCE
 56436 | Zot:4    | Received a gift from Okawaru
 56437 | Zot:4    | Reached XP level 26. HP: 141/188 MP: 27/27
 56451 | Zot:4    | 56451 ||| INVOKING Heroism.
 56496 | Zot:4    | 56496 ||| INVOKING Heroism.
 56510 | Zot:4    | Received a gift from Okawaru
 56548 | Zot:4    | 56548 ||| Stepping ~*~*~tactically~*~*~ (hiding).
 56550 | Zot:4    | 56550 ||| INVOKING Heroism.
 56562 | Zot:4    | 56562 ||| Stepping ~*~*~tactically~*~*~ (hiding).
 56576 | Zot:4    | Received a gift from Okawaru
 56581 | Zot:4    | 56581 ||| Stepping ~*~*~tactically~*~*~ (hiding).
 56682 | Zot:4    | Identified the +4 crystal plate armour of Good Intentions
                  | {Regen+ rCorr}
 56706 | Zot:4    | Reached skill level 15 in Throwing
 56777 | Zot:4    | 56777 ||| Stepping ~*~*~tactically~*~*~ (stealth).
 56778 | Zot:4    | 56778 ||| Stepping ~*~*~tactically~*~*~ (stealth).
 56780 | Zot:4    | 56780 ||| Stepping ~*~*~tactically~*~*~ (hiding).
 56849 | Zot:4    | 56849 ||| INVOKING Heroism.
 56870 | Zot:4    | Received a gift from Okawaru
 56918 | Zot:4    | 56918 ||| Stepping ~*~*~tactically~*~*~ (stealth).
 56983 | Zot:4    | 56983 ||| Stepping ~*~*~tactically~*~*~ (hiding).
 56987 | Zot:4    | 56987 ||| INVOKING Heroism.
 57075 | Zot:4    | Reached skill level 26 in Fighting
 57077 | Zot:4    | Received a gift from Okawaru
 57085 | Zot:4    | 57085 ||| INVOKING Heroism.
 57274 | Zot:4    | 57274 ||| PLANNING THE SHINING ONE WORSHIP
 57274 | Zot:4    | 57274 ||| UPGRADING to +4 crystal plate armour of Good
                  | Intentions {Regen+ rCorr}.
 57284 | Zot:4    | 57284 ||| DROPPING +10 plate armour of willpower.
 57285 | Zot:4    | 57285 ||| UPGRADING to +2 cloak.
 57295 | Zot:4    | 57295 ||| DROPPING +11 plate armour of Byrcha {Harm rPois
                  | Dex+2}.
 57296 | Zot:4    | 57296 ||| DROPPING +0 acid dragon scales.
 57792 | Temple   | Fell from the grace of Okawaru
 57792 | Temple   | Became a worshipper of the Shining One
 57792 | Temple   | 57792 ||| PLANNING CRYPT
 58109 | Crypt:1  | Entered Level 1 of the Crypt
 58127 | Crypt:1  | Reached * piety under the Shining One
 58245 | Crypt:1  | Reached ** piety under the Shining One
 58294 | Crypt:1  | 58294 ||| Stepping ~*~*~tactically~*~*~ (stealth).
 58364 | Crypt:1  | Found an ancient bone altar of Kikubaaqudgha.
 58381 | Crypt:1  | Reached *** piety under the Shining One
 58408 | Crypt:1  | Reached skill level 12 in Invocations
 58503 | Crypt:1  | 58503 ||| Stepping ~*~*~tactically~*~*~ (stealth).
 58507 | Crypt:1  | 58507 ||| Stepping ~*~*~tactically~*~*~ (stealth).
 58510 | Crypt:1  | 58510 ||| Stepping ~*~*~tactically~*~*~ (stealth).
 58511 | Crypt:1  | 58511 ||| Stepping ~*~*~tactically~*~*~ (stealth).
 58523 | Crypt:1  | Reached **** piety under the Shining One
 58677 | Crypt:1  | Identified the +1 robe "Funn" {Harm rC+ Regen+}
 58703 | Crypt:1  | Reached ***** piety under the Shining One
 58849 | Crypt:2  | Noticed Margery
 58863 | Crypt:2  | Killed Margery
 59043 | Crypt:2  | 59043 ||| Stepping ~*~*~tactically~*~*~ (hiding).
 59112 | Crypt:2  | 59112 ||| Stepping ~*~*~tactically~*~*~ (hiding).
 59408 | Crypt:2  | Reached ****** piety under the Shining One
 59420 | Crypt:2  | 59420 ||| INVOKING Brand Weapon With Holy Wrath.
 59420 | Crypt:2  | Identified a +9 broad axe of holy wrath (a +9 spectral
                  | broad axe blessed by the Shining One)
 59420 | Crypt:2  | Received a gift from the Shining One
 59678 | Crypt:2  | 59678 ||| Stepping ~*~*~tactically~*~*~ (stealth).
 59697 | Crypt:2  | 59697 ||| Stepping ~*~*~tactically~*~*~ (stealth).
 59699 | Crypt:2  | 59699 ||| Stepping ~*~*~tactically~*~*~ (stealth).
 59821 | Crypt:2  | Noticed Bai Suzhen
 59832 | Crypt:2  | Killed Bai Suzhen
 60041 | Crypt:2  | 60041 ||| DROPPING +6 ring of dexterity.
 60073 | Crypt:3  | Entered Level 3 of the Crypt
 60094 | Crypt:3  | Noticed a dread lich
 60095 | Crypt:3  | 60095 ||| INVOKING Summon Divine Warrior.
 60101 | Crypt:3  | 60101 ||| INVOKING Cleansing Flame.
 60109 | Crypt:3  | 60109 ||| INVOKING Summon Divine Warrior.
 60110 | Crypt:3  | Killed a dread lich
 60111 | Crypt:3  | Reached XP level 27. HP: 196/196 MP: 18/30
 60156 | Crypt:3  | Found a staircase to the Tomb.
 60348 | Crypt:3  | Identified the -2 helmet of Catohoas {Harm Fly rCorr Str-2}
 60406 | Crypt:3  | 60406 ||| INVOKING Cleansing Flame.
 60524 | Crypt:3  | Reached skill level 15 in Invocations
 60585 | Crypt:3  | Found an ancient bone altar of Kikubaaqudgha.
 60763 | Crypt:3  | Identified the +1 robe of Osyaptoa {Regen+ Int+2 Dex-5}
 60764 | Crypt:3  | Identified the +1 great mace "Yniunu" {holy, Will+ rCorr
                  | Str+3}
 60878 | Crypt:3  | 60878 ||| INVOKING Cleansing Flame.
 60879 | Crypt:3  | 60879 ||| INVOKING Cleansing Flame.
 60880 | Crypt:3  | 60880 ||| INVOKING Cleansing Flame.
 61066 | Crypt:3  | 61066 ||| INVOKING Cleansing Flame.
 61079 | Crypt:3  | Identified the ring "Seskoc" {+Blink rC+ Int+4}
 61323 | Crypt:3  | 61323 ||| PLANNING TOMB
 61323 | Crypt:3  | 61323 ||| DROPPING ring of ice.
 61366 | Tomb:1   | Entered Level 1 of the Tomb of the Ancients
 61453 | Tomb:1   | Reached skill level 24 in Armour
 61621 | Tomb:1   | Noticed a royal mummy
 61622 | Tomb:1   | 61622 ||| INVOKING Summon Divine Warrior.
 61624 | Tomb:1   | 61624 ||| INVOKING Cleansing Flame.
 61626 | Tomb:1   | Killed a royal mummy
 61627 | Tomb:1   | 61627 ||| INVOKING Cleansing Flame.
 61654 | Tomb:1   | 61654 ||| INVOKING Cleansing Flame.
 61662 | Tomb:1   | 61662 ||| INVOKING Cleansing Flame.
 61773 | Tomb:1   | 61773 ||| INVOKING Cleansing Flame.
 61792 | Tomb:1   | 61792 ||| INVOKING Cleansing Flame.
 61793 | Tomb:1   | 61793 ||| INVOKING Cleansing Flame.
 61803 | Tomb:1   | Noticed a royal mummy
 61814 | Tomb:1   | Killed a royal mummy
 61879 | Tomb:1   | 61879 ||| INVOKING Cleansing Flame.
 61880 | Tomb:1   | 61880 ||| INVOKING Cleansing Flame.
 61881 | Tomb:1   | 61881 ||| INVOKING Cleansing Flame.
 62053 | Tomb:1   | Noticed a royal mummy
 62054 | Tomb:1   | 62054 ||| INVOKING Summon Divine Warrior.
 62055 | Tomb:1   | Noticed a royal mummy
 62058 | Tomb:1   | 62058 ||| INVOKING Cleansing Flame.
 62059 | Tomb:1   | 62059 ||| INVOKING Cleansing Flame.
 62060 | Tomb:1   | 62060 ||| INVOKING Cleansing Flame.
 62060 | Tomb:1   | Killed a royal mummy
 62061 | Tomb:1   | 62061 ||| INVOKING Cleansing Flame.
 62062 | Tomb:1   | 62062 ||| DRINKING 8 potions of magic.
 62062 | Tomb:1   | Noticed a royal mummy
 62063 | Tomb:1   | 62063 ||| INVOKING Cleansing Flame.
 62063 | Tomb:1   | Killed a royal mummy
 62064 | Tomb:1   | Noticed a royal mummy
 62064 | Tomb:1   | Noticed a royal mummy
 62066 | Tomb:1   | Killed a royal mummy
 62066 | Tomb:1   | Noticed a royal mummy
 62067 | Tomb:1   | 62067 ||| INVOKING Cleansing Flame.
 62068 | Tomb:1   | 62068 ||| INVOKING Cleansing Flame.
 62069 | Tomb:1   | 62069 ||| INVOKING Cleansing Flame.
 62070 | Tomb:1   | 62070 ||| INVOKING Cleansing Flame.
 62071 | Tomb:1   | 62071 ||| DRINKING 7 potions of magic.
 62072 | Tomb:1   | 62072 ||| INVOKING Cleansing Flame.
 62072 | Tomb:1   | Killed a royal mummy
 62073 | Tomb:1   | 62073 ||| INVOKING Cleansing Flame.
 62074 | Tomb:1   | 62074 ||| INVOKING Cleansing Flame.
 62074 | Tomb:1   | Noticed a royal mummy
 62075 | Tomb:1   | 62075 ||| INVOKING Cleansing Flame.
 62076 | Tomb:1   | 62076 ||| DRINKING 6 potions of magic.
 62076 | Tomb:1   | Noticed a royal mummy
 62076 | Tomb:1   | HP: 44/196 [emperor scorpion[a royal mummy] (6)]
 62076 | Tomb:1   | HP: 18/196 [royal mummy/divine providence (9)]
 62077 | Tomb:1   | 62077 ||| READING 7 scrolls of teleportation.
 62078 | Tomb:1   | 62078 ||| DRINKING 9 potions of heal wounds.
 62079 | Tomb:1   | 62079 ||| DRINKING 8 potions of heal wounds.
 62080 | Tomb:1   | 62080 ||| DRINKING 7 potions of heal wounds.
 62187 | Tomb:1   | 62187 ||| INVOKING Cleansing Flame.
 62195 | Tomb:1   | 62195 ||| Stepping ~*~*~tactically~*~*~ (hiding).
 62198 | Tomb:1   | 62198 ||| INVOKING Cleansing Flame.
 62600 | Tomb:2   | 62600 ||| DRINKING 10 potions of haste.
 62601 | Tomb:2   | 62601 ||| DRINKING 7 potions of attraction.
 62602 | Tomb:2   | Noticed a royal mummy
 62602 | Tomb:2   | Noticed a royal mummy
 62602 | Tomb:2   | Noticed a royal mummy
 62602 | Tomb:2   | Noticed a royal mummy
 62603 | Tomb:2   | 62603 ||| INVOKING Summon Divine Warrior.
 62604 | Tomb:2   | 62604 ||| INVOKING Cleansing Flame.
 62608 | Tomb:2   | Killed a royal mummy
 62609 | Tomb:2   | 62609 ||| INVOKING Cleansing Flame.
 62609 | Tomb:2   | Killed a royal mummy
 62610 | Tomb:2   | 62610 ||| INVOKING Cleansing Flame.
 62610 | Tomb:2   | Killed a royal mummy
 62611 | Tomb:2   | 62611 ||| INVOKING Summon Divine Warrior.
 62616 | Tomb:2   | Killed a royal mummy
 62646 | Tomb:2   | 62646 ||| INVOKING Cleansing Flame.
 62647 | Tomb:2   | 62647 ||| INVOKING Cleansing Flame.
 72386 | Tomb:2   | Glimpsed the power of Zot.
 72886 | Tomb:2   | Glimpsed the power of Zot.
 73286 | Tomb:2   | Glimpsed the power of Zot.
 73386 | Tomb:2   | Touched by the power of Zot.
 73387 | Tomb:2   | Glimpsed the power of Zot.
 73887 | Tomb:2   | Glimpsed the power of Zot.
 74287 | Tomb:2   | Glimpsed the power of Zot.
 74386 | Tomb:2   | Touched by the power of Zot.
 74387 | Tomb:2   | Glimpsed the power of Zot.
 74887 | Tomb:2   | Glimpsed the power of Zot.
 75287 | Tomb:2   | Glimpsed the power of Zot.
 75386 | Tomb:2   | Touched by the power of Zot.
 75387 | Tomb:2   | Glimpsed the power of Zot.
 75887 | Tomb:2   | Glimpsed the power of Zot.
 76287 | Tomb:2   | Glimpsed the power of Zot.
 76386 | Tomb:2   | Touched by the power of Zot.
 76387 | Tomb:2   | Glimpsed the power of Zot.
 76887 | Tomb:2   | Glimpsed the power of Zot.
 77287 | Tomb:2   | Glimpsed the power of Zot.
 77386 | Tomb:2   | Touched by the power of Zot.
 77387 | Tomb:2   | Glimpsed the power of Zot.
 77887 | Tomb:2   | Glimpsed the power of Zot.
 78287 | Tomb:2   | Glimpsed the power of Zot.
 78386 | Tomb:2   | Touched by the power of Zot.
 78387 | Tomb:2   | Glimpsed the power of Zot.
 78887 | Tomb:2   | Glimpsed the power of Zot.
 79287 | Tomb:2   | Glimpsed the power of Zot.
 79386 | Tomb:2   | Touched by the power of Zot.
 79387 | Tomb:2   | Glimpsed the power of Zot.
 79887 | Tomb:2   | Glimpsed the power of Zot.
 80287 | Tomb:2   | Glimpsed the power of Zot.
 80386 | Tomb:2   | Touched by the power of Zot.
 80387 | Tomb:2   | Glimpsed the power of Zot.
 80887 | Tomb:2   | Glimpsed the power of Zot.
 81287 | Tomb:2   | Glimpsed the power of Zot.
 81386 | Tomb:2   | Touched by the power of Zot.
 81387 | Tomb:2   | Glimpsed the power of Zot.
 81887 | Tomb:2   | Glimpsed the power of Zot.
 82287 | Tomb:2   | Glimpsed the power of Zot.
 82386 | Tomb:2   | Touched by the power of Zot.
 82387 | Tomb:2   | Glimpsed the power of Zot.
 82887 | Tomb:2   | Glimpsed the power of Zot.
 83287 | Tomb:2   | Glimpsed the power of Zot.
 83386 | Tomb:2   | Touched by the power of Zot.
 83387 | Tomb:2   | Glimpsed the power of Zot.
 83887 | Tomb:2   | Glimpsed the power of Zot.
 84287 | Tomb:2   | Glimpsed the power of Zot.
 84386 | Tomb:2   | Touched by the power of Zot.
 84387 | Tomb:2   | Glimpsed the power of Zot.
 84887 | Tomb:2   | Glimpsed the power of Zot.
 85287 | Tomb:2   | Glimpsed the power of Zot.
 85386 | Tomb:2   | Touched by the power of Zot.
 85387 | Tomb:2   | Glimpsed the power of Zot.
 85887 | Tomb:2   | Glimpsed the power of Zot.
 86287 | Tomb:2   | Glimpsed the power of Zot.
 86386 | Tomb:2   | Touched by the power of Zot.
 86387 | Tomb:2   | Glimpsed the power of Zot.
 86887 | Tomb:2   | Glimpsed the power of Zot.
 87287 | Tomb:2   | Glimpsed the power of Zot.
 87386 | Tomb:2   | Touched by the power of Zot.
 87387 | Tomb:2   | Glimpsed the power of Zot.
 87887 | Tomb:2   | Glimpsed the power of Zot.
 88287 | Tomb:2   | Glimpsed the power of Zot.
 88386 | Tomb:2   | Touched by the power of Zot.
 88387 | Tomb:2   | Glimpsed the power of Zot.
 88887 | Tomb:2   | Glimpsed the power of Zot.
 89287 | Tomb:2   | Glimpsed the power of Zot.
 89386 | Tomb:2   | Touched by the power of Zot.
 89387 | Tomb:2   | Glimpsed the power of Zot.
 89887 | Tomb:2   | Glimpsed the power of Zot.
 90287 | Tomb:2   | Glimpsed the power of Zot.
 90386 | Tomb:2   | Touched by the power of Zot.
 90387 | Tomb:2   | Quit the game

Levels and vault maps discovered:
D:1:      dpeg_arrival_stone_temple_mockup, layout_basic,
          hellmonk_ecumenical_altar_arch_garden, nrook_mini_vaults,
          minmay_misc_feat_cross, minivault_24
D:2:      layout_loops_ring, serial_forest, infiniplex_forest_end_2,
          infiniplex_forest_end_2, infiniplex_forest_join,
          infiniplex_forest_diagonal, infiniplex_forest_lined_2,
          infiniplex_forest_lined_room_, infiniplex_forest_lined_4_way
D:3:      layout_loops_cross, mainiacjoe_overflow_paths,
          nicolae_dithmenos_shadow_blocks, serial_undead, serial_undead_f,
          serial_undead_d, serial_undead_a, serial_undead_a
D:4:      layout_rooms, gammafunk_temple_overflow_forgotten,
          mainiacjoe_overflow_boulevard, fountainhead
D:5:      layout_gridville, dk_xom_monty_hall, minmay_temple_entry_tees
D:6:      layout_gridville, nzn_random_ring
D:7:      layout_basic
D:8:      layout_loops_ring, elyvilon_altar_3, gammafunk_ghost_arena
D:9:      layout_long_grid, minmay_misc_feat_plants, kennysheep_just_a_vault
D:10:     layout_rooms
D:11:     layout_cave_pods, zombieorc1_lemuel, eino_curves_02
D:12:     layout_basic, serial_curves, eino_curves_04, eino_curves_01,
          serial_shops, nicolae_shop_statue_plus, minmay_misc_feat_enclosed,
          fedhas_bush_and_centaur_altar, uniq_josephine, uniq_nessos
D:13:     layout_loops_ring, kennysheep_generic_room_10
D:14:     hangedman_cross_cluster, layout_long_grid, david_vaults_1,
          portal_ice_cave_entry_frozen_things, serial_bayou_pond_d,
          gauntlet_entry_generic, st_stairs_5, serial_bayou_lagoon_a,
          hangedman_abyss_or_decor_passed, uniq_azrael
D:15:     grunt_enter_depths_snipers, layout_long_grid,
          nicolae_ashenzari_skybound, guppyfry_shop_blood
Temple:   zaba_magenta_temple
Lair:1:   layout_hall_layers, infiniplex_staircase_pool
Lair:2:   gammafunk_boulding_lane, layout_small_grid,
          guppyfry_snake_entry_garden, grunt_megastairs_4, lemuel_fruit_tree
Lair:3:   layout_gridlike, minmay_swamp_entry_worms, lemuel_fruit_fields,
          uniq_gastronok
Lair:4:   layout_regular_city, slime_entry_1, small_statue_intersection,
          minmay_lair_drake_nest
Lair:5:   minmay_lair_end_enchanted_forest, layout_small_grid
Swamp:1:  layout_falls_marsh, hangedman_swamp_ruin_wall, uniq_aizul
Swamp:2:  layout_basic_swamp, evilmike_swamp_ruin_wall, swamp_pool4
Swamp:3:  nicolae_swamp_ascending_descending, layout_falls_marsh,
          serial_swamp_ruin, evilmike_swamp_ruin_house_2,
          evilmike_swamp_ruin_house_1, evilmike_swamp_ruin_rubble_1,
          uniq_mlioglotl
Swamp:4:  swamp_old_school, layout_basic_swamp, infiniplex_staircase_pool_2
Snake:1:  layout_misc_corridors, ebering_ghost_rock_garden, serial_shops,
          nicolae_square_shop, nicolae_take_the_stairs, nicolae_lakefront_shop
Snake:2:  layout_grid_maze, serial_shops, nicolae_shop_tiny_glass,
          serial_nicolae_subway, nicolae_sub_station_crystal,
          nicolae_sub_station_stone, nicolae_sub_station_metal
Snake:3:  layout_chambers, hangedman_snake_pattern
Snake:4:  johnstein_snake_rune_scales, layout_cave_town, serial_shops,
          nicolae_shop_hallway_stairs, minmay_shop_star, uniq_louise
Orc:1:    layout_caves, serial_shops, shop
Orc:2:    hellmonk_orc_salted, layout_caves, uniq_urug, uniq_rupert
Vaults:1: v_rooms_5, nicolae_vaults_surprise_closet_hard,
          nicolae_vaults_windows_and_doors_thing,
          nicolae_vaults_storage_room_water, nicolae_vaults_prndl,
          grunt_vaults_focal, nicolae_vaults_tetromino_Z_2,
          nicolae_vaults_turnstiles, v_misc_24, nicolae_vaults_house_3,
          nicolae_vaults_trapezoid_4, nicolae_vaults_closet_pinwheel_4,
          layout_vaults_omnibox
Vaults:2: portal_desolation_entry_twin_temple, v_rooms_3,
          vaults_room_ringed_pool, v_alt_pattern_1, nicolae_vaults_spaceships,
          vaults_room_fancy_cross, nicolae_vaults_network_star, v_misc_18,
          nicolae_vaults_network_periphery, nicolae_vaults_more_shelving_1,
          nicolae_vaults_two_Ls, vaults_room_hangedman_quadrants,
          layout_vaults_big_room, serial_shops, nicolae_lakefront_shop
Vaults:3: mu_enter_wizlab_3, nicolae_vaults_more_shelving_2,
          nicolae_vaults_door_testing_chamber, minmay_crypt_entry_simple_box,
          nicolae_vaults_security_offices_4, vaults_dpeg_hooks,
          nicolae_vaults_tetromino_L_1, nicolae_vaults_tetromino_T_1,
          nicolae_vaults_house_1, layout_vaults_omnigrid, uniq_asterion,
          uniq_jory, uniq_frederick
Vaults:4: v_misc_2, nicolae_vaults_big_ls, nicolae_vaults_swerve, v_misc_10,
          hangedman_vaults_unwind, vaults_room_hallway,
          nicolae_vaults_border_crossing, v_misc_28, nicolae_vaults_theta,
          nicolae_vaults_corridor_and_loot_room, nicolae_vaults_asterisk,
          nicolae_vaults_two_Ls, layout_vaults_omnicross, serial_shops,
          nicolae_shop_back_alley_shop
Vaults:5
Crypt:1:  layout_gridlike, basic_altar, grunt_ministairs_14, st_stairs_5,
          uniq_josephina
Crypt:2:  minmay_shadows, layout_gridlike, uniq_margery, uniq_bai_suzhen
Crypt:3:  church_of_pain_bobbens, layout_chaotic_city,
          serial_sigils_hangedman_gnaw, hex_large
Tomb:1
Tomb:2
Depths:1: layout_big_octagon, abyss_entry, pf_vacation_house_of_asmodeus,
          serial_shops, nicolae_shop_just_a_little_nook, minmay_misc_feat_tower,
          kennysheep_donut, nicolae_shop_gadgets
Depths:2: grunt_twisty_corner, layout_small_grid, enter_ziggurat_e,
          grunt_pan_entry_spiral, hell_entry, okawaru_ov_weapons_minmay
Depths:3: emtedronai_trogs_sanctum, layout_gridville, abyss_entry_flame_altar,
          hellmouth_1, minmay_the_grid_2x2 [minmay_the_grid_square_x,
          minmay_the_grid_armoury, minmay_the_grid_dragon_b,
          minmay_the_grid_prize_big_room], minmay_staircase_bubble
Depths:4: grunt_crosshair, layout_cave_pools, rand_demon_pan_entry_5,
          hangedman_abyss_or_decor_slice, abyss_entry, hell_entry,
          infiniplex_staircase_pool_lava, minmay_shop_grove
Zot:1:    layout_gridlike, grunt_megastairs_5
Zot:2:    layout_concentric_octagons, grunt_megastairs_1
Zot:3:    layout_cellular_growth, grunt_megastairs_2
Zot:4:    kennysheep_bubbly, layout_onion_interference

Skill      XL: |  1  2  3  4  5  6  7  8  9 10 11 12 13 14 15 16 17 18 19 20 21 22 23 24 25 26 27 |
---------------+----------------------------------------------------------------------------------+-----
Axes           | 2 3 4 5 6 7 8 9 11 12 13 15 16 18 | 18.0
Fighting       | 4 5 6 7 8 9 10 11 12 13 14 15 16 17 19 20 22 23 25 26 | 26.0
Dodging        | 1 2 3 4 5 6 7 8 |  8.8
Invocations    | 4 8 10 14 16 | 16.0
Armour         | 4 5 7 8 9 10 12 13 14 15 16 18 19 20 22 25 | 25.4
Shields        | 4 5 6 7 8 9 12 15 18 19 20 21 22 | 22.0
Throwing       | 1 2 4 7 9 10 11 12 14 15 | 15.0

Action                     |  1- 3 |  4- 6 |  7- 9 | 10-12 | 13-15 | 16-18 | 19-21 | 22-24 | 25-27 || total
---------------------------+-------+-------+-------+-------+-------+-------+-------+-------+-------++-------
  Melee: War axe           |    53 |       |       |       |       |       |       |       |       ||    53
         Hand axe          |    19 |   103 |   196 |   464 |    84 |       |       |       |       ||   866
         Morningstar       |       |       |       |     5 |    99 |       |       |       |       ||   104
         Broad axe         |       |       |       |       |   626 |   558 |   861 |   836 |  1060 ||  3941
  Throw: Boomerang         |       |       |     3 |   111 |     5 |    14 |    18 |    26 |    86 ||   263
         Javelin           |       |       |       |       |    18 |   143 |   224 |   136 |   334 ||   855
 Invoke: Heroism           |       |       |     8 |    22 |    32 |    33 |    25 |    44 |    18 ||   182
         Finesse           |       |       |       |     1 |     8 |       |     4 |     4 |     1 ||    18
         Summon Divine War |       |       |       |       |       |       |       |       |     6 ||     6
         Cleansing Flame   |       |       |       |       |       |       |       |       |    36 ||    36
         Brand Weapon With |       |       |       |       |       |       |       |       |     1 ||     1
    Use: Scroll            |     6 |     1 |     7 |     9 |    17 |     6 |     8 |    11 |     1 ||    66
         Potion            |     2 |       |     1 |       |     6 |     2 |     1 |    11 |    11 ||    34
   Stab: Distracted        |       |       |       |       |       |     4 |    20 |    18 |    10 ||    52
 Armour: Scale mail        |    34 |    11 |       |       |       |       |       |       |       ||    45
         Plate armour      |       |     9 |    50 |   130 |   684 |   245 |   401 |   322 |   272 ||  2113
         Crystal plate arm |       |       |       |       |       |       |       |       |   266 ||   266
  Dodge: Dodged            |    21 |    20 |    21 |    60 |   294 |   118 |   136 |   166 |   289 ||  1125
  Block: Buckler           |    15 |    25 |    55 |   102 |   483 |    94 |       |       |       ||   774
         Reflection        |       |     3 |     5 |     1 |    23 |    44 |   131 |    44 |     3 ||   254
         Kite shield       |       |       |       |       |       |   222 |    51 |       |       ||   273
         Tower shield      |       |       |       |       |       |       |   591 |   640 |   716 ||  1947

Table legend:
 A = Non-vault XP
 B = Vault XP
 C = Vault XP percentage of total XP
 D = Non-vault monster count
 E = Vault monster count
 F = Vault count percentage of total count
                 A         B        C        D         E       F
            +---------+---------+-------+---------+---------+-------
      Total |  767425 |  588360 |  43.4 |    1400 |     788 |  36.0
            +---------+---------+-------+---------+---------+-------
        D:1 |      19 |       0 |   0.0 |      10 |       0 |   0.0
        D:2 |      20 |       0 |   0.0 |      14 |       0 |   0.0
        D:3 |     187 |       7 |   3.6 |      27 |       2 |   6.9
        D:4 |      51 |       0 |   0.0 |       8 |       0 |   0.0
        D:5 |     368 |      45 |  10.9 |      19 |       2 |   9.5
        D:6 |     695 |    1094 |  61.2 |      14 |      15 |  51.7
        D:7 |    1740 |       0 |   0.0 |      22 |       0 |   0.0
        D:8 |    2225 |       0 |   0.0 |      33 |       0 |   0.0
        D:9 |    2684 |     242 |   8.3 |      16 |       1 |   5.9
       D:10 |    3485 |       0 |   0.0 |      33 |       0 |   0.0
       D:11 |    1934 |     846 |  30.4 |       7 |      29 |  80.6
       D:12 |    4627 |    2569 |  35.7 |      14 |       6 |  30.0
       D:13 |    6469 |     374 |   5.5 |      14 |       2 |  12.5
       D:14 |   19063 |   24832 |  56.6 |      39 |      48 |  55.2
       D:15 |    3484 |    2678 |  43.5 |      11 |       5 |  31.2
     Lair:1 |    6776 |       0 |   0.0 |      29 |       0 |   0.0
     Lair:2 |    2134 |     711 |  25.0 |       9 |       3 |  25.0
     Lair:3 |    6862 |    2290 |  25.0 |      21 |       5 |  19.2
     Lair:4 |    8709 |    2551 |  22.7 |      29 |       7 |  19.4
     Lair:5 |   19076 |    8645 |  31.2 |      49 |      42 |  46.2
    Swamp:1 |   10753 |    1187 |   9.9 |      16 |       1 |   5.9
    Swamp:2 |   13809 |       0 |   0.0 |      31 |       0 |   0.0
    Swamp:3 |    9567 |    1704 |  15.1 |      16 |       1 |   5.9
    Swamp:4 |   13148 |   16472 |  55.6 |      28 |      23 |  45.1
    Snake:1 |   11215 |       0 |   0.0 |      29 |       0 |   0.0
    Snake:2 |   13636 |       0 |   0.0 |      22 |       0 |   0.0
    Snake:3 |   24959 |       0 |   0.0 |      47 |       0 |   0.0
    Snake:4 |   22092 |   20890 |  48.6 |      39 |      41 |  51.2
      Orc:1 |    3280 |       0 |   0.0 |      44 |       0 |   0.0
      Orc:2 |    3131 |   13098 |  80.7 |      35 |      29 |  45.3
   Vaults:1 |   29204 |   15569 |  34.8 |      55 |      20 |  26.7
   Vaults:2 |   29682 |   29679 |  50.0 |      48 |      37 |  43.5
   Vaults:3 |   25849 |   19442 |  42.9 |      33 |      20 |  37.7
   Vaults:4 |   30610 |   44232 |  59.1 |      41 |      44 |  51.8
   Vaults:5 |   32011 |   92964 |  74.4 |      42 |      92 |  68.7
    Crypt:1 |   42741 |    3357 |   7.3 |      62 |       7 |  10.1
    Crypt:2 |   15630 |   20180 |  56.4 |      27 |      33 |  55.0
    Crypt:3 |   31573 |   40045 |  55.9 |      42 |      65 |  60.7
     Tomb:1 |    9181 |   54207 |  85.5 |      30 |      44 |  59.5
     Tomb:2 |    5316 |   20358 |  79.3 |      21 |      31 |  59.6
   Depths:1 |   37606 |       0 |   0.0 |      46 |       0 |   0.0
   Depths:2 |   28705 |   75055 |  72.3 |      35 |      68 |  66.0
   Depths:3 |   16328 |   21756 |  57.1 |      19 |      22 |  53.7
   Depths:4 |   48524 |   19585 |  28.8 |      43 |      18 |  29.5
      Zot:1 |   25054 |    3187 |  11.3 |      22 |       2 |   8.3
      Zot:2 |   42805 |    9212 |  17.7 |      35 |       8 |  18.6
      Zot:3 |   45168 |    3418 |   7.0 |      31 |       2 |   6.1
      Zot:4 |   55240 |   15161 |  21.5 |      43 |      12 |  21.8
     WizLab |       0 |     718 | 100.0 |       0 |       1 | 100.0
            +---------+---------+-------+---------+---------+-------
